 Dungeon Crawl Stone Soup version 0.31-a0-700-gf13585253f (webtiles) character file.

Game seed: 10632927407154375603

298316 qw the Crack Shot (level 21, -6/148 HPs)
             Began as a Gargoyle Hunter on Sept 7, 2023.
             Was a High Priest of Okawaru.
             Mangled by Jory
             ... wielding a +1 great sword of electrocution
              (15 damage)
             ... on level 4 of the Vaults.
             The game lasted 00:25:08 (39129 turns).

qw the Crack Shot (Gargoyle Hunter)                Turns: 39129, Time: 00:25:08

Health: -6/148     AC: 48    Str: 22    XL:     21   Next: 33%
Magic:  27/28      EV: 36    Int: 19    God:    Okawaru [*****.]
Gold:   318        SH:  0    Dex: 29    Spells: 20/20 levels left

rFire   + . .        j - +4 triple crossbow of Ignis's Grace {heavy, Str+7 Dex+3}
rCold   + + .        (shield currently unavailable)
rNeg    + . .        y - quicksilver dragon scales
rPois   inf          t - +0 helmet "Opymutau" {Fly Int+3 Dex+2}
rElec   +            l - +2 cloak {rPois}
rCorr   .            m - +2 pair of gloves
SInv    +            x - +2 pair of boots "Ownyfuc" {Int+6}
Will    ++...        v - amulet of the Insatiable Heavens {Faith rF+ rC++ Int-3 Dex+3}
Stlth   +++          n - ring of see invisible
HPRegen 0.44/turn    p - +5 ring of evasion
MPRegen 0.21/turn

%: faith
@: heroic, flying
A: sickness immunity, AC +16, big wings, negative energy resistance 1,
electricity resistance, torment resistance 1, petrification resistance
}: 1/15 runes: barnacled
a: Renounce Religion, Heroism, Finesse, Duel


You were on level 4 of the Vaults.
You worshipped Okawaru.
Okawaru was extremely pleased with you.
You visited 7 branches of the dungeon, and saw 34 of its levels.

You collected 3419 gold pieces.
You spent 3101 gold pieces at shops.


Innate Abilities, Weirdness & Mutations

You are immune to sickness and miasma.
Your stone body is resilient. (AC +16)
You are immune to poison.
Your large and strong wings let you fly.
You resist negative energy. (rN+)
You are resistant to electric shocks. (rElec)
You are resistant to unholy torment.
You are immune to petrification.


   Skills:
 - Level 21.0(26.0) Fighting
 - Level 22.0(27) Ranged Weapons
 - Level 18.0(23.0) Armour
 + Level 14.2(19.2) Dodging
 - Level 1.1(6.1) Stealth
 - Level 10.1 Invocations


You had 20 spell levels left.
You didn't know any spells.
Your spell library was empty.

Inventory:

Hand Weapons
 j - the +4 triple crossbow of Ignis's Grace (weapon) {heavy, Str+7 Dex+3}
   (You acquired it on level 2 of the Spider Nest)

   Str+7:     It affects your strength (+7).
   Dex+3:     It affects your dexterity (+3).
Armour
 c - a +3 ring mail of fire resistance
 l - a +2 cloak of poison resistance (worn)
 m - a +2 pair of gloves (worn)
 q - the +3 Mad Mage's Maulers {Infuse+∞ VampMP -Cast}
   (You found it on level 5 of the Lair of Beasts)

   Infuse+∞: It empowers its wearer's blows with all of their magic.
   VampMP:    Blows struck in melee replenish the wearer's magic.
   -Cast:     It prevents spellcasting.
 s - the +2 pair of boots "Pech" {rElec rF- rCorr}
   (You acquired it on level 3 of the Lair of Beasts)

   rF-:       It makes you vulnerable to fire.
   rElec:     It insulates you from electricity.
   rCorr:     It protects you from acid and corrosion.
 t - the +0 helmet "Opymutau" (worn) {Fly Int+3 Dex+2}
   (Okawaru gifted it to you on level 3 of the Lair of Beasts)

   Int+3:     It affects your intelligence (+3).
   Dex+2:     It affects your dexterity (+2).
   Fly:       It grants you flight.
 x - the +2 pair of boots "Ownyfuc" (worn) {Int+6}
   (You found it on level 14 of the Dungeon)

   Int+6:     It affects your intelligence (+6).
 y - quicksilver dragon scales (worn)
Jewellery
 a - the ring of Luen {rElec rN+ Will+ Str-4 Stlth+}
   (You acquired it on level 2 of the Vaults)

   [ring of positive energy]

   Str-4:     It affects your strength (-4).
   rElec:     It insulates you from electricity.
   rN+:       It protects you from negative energy.
   Will+:     It increases your willpower.
   Stlth+:    It makes you more stealthy.
 g - a +6 ring of strength
 n - a ring of see invisible (left hand)
 p - a +5 ring of evasion (right hand)
 u - a ring of protection from cold
 v - the amulet of the Insatiable Heavens (around neck) {Faith rF+ rC++ Int-3 Dex+3}
   (You found it on level 10 of the Dungeon)

   [amulet of faith]

   Faith:     It allows you to gain divine favour quickly.
   Int-3:     It affects your intelligence (-3).
   Dex+3:     It affects your dexterity (+3).
   rF+:       It protects you from fire.
   rC++:      It greatly protects you from cold.
Wands
 o - a wand of digging (6)
Scrolls
 b - 16 scrolls of identify
 d - 12 scrolls of teleportation
 i - a scroll of enchant armour
Potions
 e - 10 potions of curing
 f - 5 potions of might
 h - 5 potions of haste
 k - 2 potions of resistance
 r - 2 potions of mutation
 w - 3 potions of enlightenment

Dungeon Overview and Level Annotations

Branches:
Dungeon (15/15)            Temple (1/1) D:5            Lair (5/5) D:9
 Shoals (4/4) Lair:2       Spider (3/4) Lair:2        Slime (0/5) Lair:4
    Orc (2/2) D:10            Elf (0/3) Orc:2        Vaults (4/5) D:14
  Crypt (0/3) Vaults:3     Depths (0/4) D:15

Altars:
Ashenzari
Cheibriados
Dithmenos
Fedhas
Gozag
Hepliaklqana
Kikubaaqudgha
Makhleb
Nemelex Xobeh
Okawaru
Qazlal
Ru
Sif Muna
Trog
Uskayaw
Vehumet
Wu Jian
Xom
Yredelemnul
Zin
The Shining One

Shops:
D:6 :*!*   D:15 *   Orc:2 (*[!?:[(=   Shoals:4 [   Vaults:2 ?

Portals:
Trove: D:14 (give +6 demon trident)

Annotations:
D:4 2 runed translucent doors
D:12 3 runed translucent doors, Nissa's ghost, journeyman MiFi
Lair:4 1 runed translucent door
Lair:5 1 runed translucent door, qw's ghost, journeyman GrHs
Shoals:2 exclusions: kraken and 7 tentacles
Vaults:4 Jory


Message History

A deep troll comes into view.
The ironbound preserver completely misses you.
The ironbound preserver hits you but does no damage.
The deep troll completely misses you. x2; The deep troll barely misses you.
The deep troll completely misses you. x2
The deep troll claws you but does no damage.
The deep troll completely misses you. The deep troll closely misses you.
The deep troll completely misses you.
Jory hits you with a +1 great sword of electrocution!!!
Jory completely misses you.
The ironbound convoker casts a spell at the yaktaur.
The yaktaur seems to grow stronger.
A deep troll, a yaktaur captain, a necromancer and an ironbound preserver come into view.
The ironbound preserver is wielding a +2 dire flail of protection.
You shoot a bolt. The bolt hits Jory!
Jory is heavily damaged.
The deep troll bites you but does no damage.
The deep troll claws you but does no damage. x2
The ironbound convoker points at the ironbound convoker and mumbles some strange words.
The ironbound convoker seems to grow stronger.
The deep troll misses you. The deep troll closely misses you.
The deep troll completely misses you. The deep troll closely misses you.
The deep troll claws you but does no damage.
The deep troll barely misses you. Jory completely misses you.
Jory bites you but does no damage. The ironbound preserver misses you.
The deep troll misses you.
The deep troll completely misses you. x3
The deep troll misses you.
The deep troll claws you but does no damage.
The deep troll misses you. The deep troll closely misses you.
The deep troll misses you.
The ironbound preserver mumbles some strange words.
The ironbound preserver begins to accept its allies' injuries.
Jory completely misses you. x2
You shoot a bolt. The bolt hits Jory!!!!
Jory is severely damaged.
The ironbound preserver completely misses you.
Jory hits you with a +1 great sword of electrocution!!!
Jory bites you!
You die...
Jory screams, "Yes, yes!"

#.......# ........#
##....... .V......# ##......
........# ##..... ........#
##.... ........# ##...
......p.# ##..
........####################
........ppT@pT..............
.........cVTT...............
.........cppT...............
############################


You could see Jory (strong, sheltered), an ironbound preserver, a yaktaur
captain (sheltered), 5 deep trolls, 3 ironbound convokers, a yaktaur (strong,
sheltered) and a necromancer (sheltered).

Vanquished Creatures
  Frederick (Vaults:3)
  Arachne (Spider:3)
  Zenata (Vaults:1)
  3 krakens
  4 sphinxes
  Roxanne (Spider:2)
  Ilsuiw (Shoals:3)
  2 ghost moths
  2 emperor scorpions (Spider:3)
  4 vault wardens
  17 ironbound preservers
  8 ironbound thunderhulks
  2 broodmothers (Spider:2)
  Nessos (Lair:4)
  8 dire elephants
  5 great orbs of eyes
  3 merfolk javelineers
  A fire dragon (Lair:5)
  7 merfolk impalers
  3 yaktaur captains
  5 entropy weavers
  A rakshasa (D:10)
  A hydra (shapeshifter) (Vaults:3)
  8 hydras
  10 vault guards
  4 alligator snapping turtles
  11 centaur warriors
  5 ironbound frosthearts
  A death knight (D:14)
  5 radroaches
  2 catoblepae
  11 death yaks
  12 boulder beetles
  6 merfolk avatars
  2 jorogumos
  8 two-headed ogres
  4 merfolk aquamancers
  6 satyrs
  2 tengu warriors (D:13)
  3 orc high priests (Orc:2)
  Urug (D:11)
  5 demonic crawlers
  Sonja (Lair:5)
  4 soul eaters (D:14)
  5 skysharks
  6 pharaoh ants
  5 skeletal warriors (D:15)
  A fire crab (Lair:3)
  A fire crab (shapeshifter) (D:10)
  A glowing orange brain (Vaults:3)
  14 sea snakes
  A swamp dragon (Lair:5)
  50 deep trolls
  3 orb spiders
  13 ironbound convokers
  17 lindwurms
  A phantasmal warrior (D:12)
  16 harpies
  3 steelbarb worms
  11 wizards
  A deep elf zephyrmancer (D:10)
  2 necromancers
  5 deep elf pyromancers
  14 manticores
  33 ugly things
  7 orc sorcerers
  6 orc knights
  13 cyclopes
  An oklob plant (Lair:2)
  A moth of wrath (Spider:2)
  16 vault sentinels
  28 fauns
  11 merfolk sirens
  10 wolf spiders
  17 elephants (Lair:3)
  A rust devil (D:14)
  An elephant (shapeshifter) (D:10)
  2 centaur zombies (D:15)
  5 water nymphs
  A naga mage (D:15)
  2 gargoyles
  25 cane toads
  14 black mambas
  A cane toad (shapeshifter) (D:15)
  An unseen horror (shapeshifter) (D:10)
  3 torpor snails
  An orange demon (D:14)
  2 unseen horrors (D:12)
  A rime drake (shapeshifter) (D:10)
  5 rime drakes
  An ice devil (D:14)
  7 yaktaurs
  A kobold demonologist (D:11)
  9 komodo dragons
  A harpy zombie (D:15)
  43 merfolk
  A tengu conjurer (D:10)
  9 trolls
  4 hellwings (D:14)
  3 red devils (D:14)
  6 wind drakes
  4 meliai (Spider:1)
  A queen bee (Spider:1)
  12 polar bears
  Grinder (D:3)
  A raiju (Lair:5)
  15 tarantellas
  A blink frog (shapeshifter) (D:8)
  2 hornets
  23 dream sheep
  18 blink frogs
  10 snapping turtles
  4 centaur simulacra
  16 jumping spiders
  21 slime creatures
  3 ynoxinuls (D:14)
  9 water elementals
  3 vampires
  15 culicivoras
  A wraith (D:10)
  68 yaks
  5 wyverns
  5 shadows
  12 basilisks
  18 humans (D:14)
  29 redbacks
  9 vampire mosquitoes
  2 chaos spawn (D:14)
  3 steam dragons
  A neqoxec (D:14)
  8 wargs
  7 acid dragons
  13 water moccasins
  16 hell hounds (Lair:5)
  2 swamp drakes (Lair:5)
  3 sky beasts (D:7)
  30 orc warriors
  A black bear (shapeshifter) (D:8)
  12 black bears
  A boggart (D:12)
  21 wolves
  10 ogres
  8 centaurs
  A phantom (D:7)
  12 bullfrogs
  3 scorpions
  3 gnoll sergeants
  7 wights
  25 killer bees
  An electric eel (D:11)
  9 howler monkeys
  8 jellies
  A hound (D:4)
  4 gnoll boudas
  17 orc priests
  4 iguanas (Lair:5)
  2 sleepcaps (D:6)
  32 orc wizards
  Natasha (thrice) (D:3)
  5 adders
  31 gnolls
  2 shadow imps (D:7)
  14 white imps
  7 dart slugs
  69 orcs
  8 ball pythons
  3 endoplasms
  6 giant cockroaches
  8 goblins
  2 hobgoblins (D:4)
  4 quokkas
  9 bats
  5 frilled lizards (D:1)
  9 kobolds
  2 rats
  19 tentacles (Shoals:2)
1435 creatures vanquished.

Vanquished Creatures (others)
  152 tentacles
152 creatures vanquished.

Grand Total: 1587 creatures vanquished

Notes
Turn   | Place    | Note
-------+----------+-------------------------------------------
     0 | D:1      | qw the Gargoyle Hunter began the quest for the Orb.
     0 | D:1      | Reached XP level 1. HP: 12/12 MP: 1/1
     0 | D:1      | 0 ||| qw: Version: 0.3-a-76-g4403597
     0 | D:1      | 0 ||| qw: Game counter: 480
     0 | D:1      | 0 ||| qw: Melee chars always use a shield: true
     0 | D:1      | 0 ||| qw: God list: Okawaru
     0 | D:1      | 0 ||| qw: Allow faded altars: false
     0 | D:1      | 0 ||| qw: Do Orc after clearing Dungeon:15 true
     0 | D:1      | 0 ||| qw: Do second Lair branch before Depths: true
     0 | D:1      | 0 ||| qw: Lair rune preference: random
     0 | D:1      | 0 ||| qw: Goals: Normal
     0 | D:1      | 0 ||| PLANNING D:1-11
    72 | D:1      | Reached XP level 2. HP: 17/17 MP: 2/2
   152 | D:1      | Reached XP level 3. HP: 21/21 MP: 3/3
   209 | D:1      | Reached skill level 5 in Ranged Weapons
   274 | D:1      | 274 ||| Stepping ~*~*~tactically~*~*~ (outnumbered).
   540 | D:1      | 540 ||| UPGRADING to +0 ring mail.
   550 | D:1      | 550 ||| DROPPING +0 leather armour.
   551 | D:1      | 551 ||| READING scroll labelled IWONESHRUPNO.
   556 | D:1      | 556 ||| READING scroll labelled YBIVAL IGAMIEDOYME.
   557 | D:1      | 557 ||| READING scroll labelled QAYRYKU HEPORO.
   558 | D:1      | 558 ||| READING scroll labelled KUSCHE SOAVVEM.
   558 | D:1      | Identified a scroll of acquirement
   558 | D:1      | 558 ||| ACQUIRING +4 longbow of draining
   558 | D:1      | Acquired a +4 longbow of draining
   560 | D:1      | 560 ||| SWAPPING to +4 longbow of draining.
   561 | D:1      | 561 ||| DROPPING +0 shortbow.
   562 | D:1      | 562 ||| READING scroll labelled HYFAOM ELOF.
   563 | D:1      | 563 ||| DROPPING scroll of butterflies.
   692 | D:2      | Reached skill level 1 in Armour
   976 | D:2      | 976 ||| UPGRADING to +0 helmet.
   981 | D:2      | 981 ||| UPGRADING to +2 ring mail of willpower.
   991 | D:2      | 991 ||| DROPPING +0 ring mail.
   992 | D:2      | 992 ||| READING 2 scrolls labelled CESAZI PYSASHE.
   993 | D:2      | 993 ||| READING scroll labelled ZUUL ARHITUFE.
   994 | D:2      | 994 ||| READING scroll labelled JANISE LACVIO.
   995 | D:2      | 995 ||| DRINKING 2 sedimented ruby potions.
  1000 | D:2      | 1000 ||| DRINKING 2 black potions.
  1001 | D:2      | 1001 ||| DROPPING potion of ambrosia.
  1002 | D:2      | 1002 ||| DROPPING potion of attraction.
  1208 | D:3      | Reached XP level 4. HP: 27/27 MP: 4/4
  1218 | D:3      | Reached skill level 3 in Fighting
  1244 | D:3      | Found a faded altar of an unknown god.
  1370 | D:3      | Noticed Natasha
  1370 | D:3      | Noticed Grinder
  1371 | D:3      | 1371 ||| RETREATING.
  1375 | D:3      | 1375 ||| Stepping ~*~*~tactically~*~*~ (retreating).
  1376 | D:3      | 1376 ||| Stepping ~*~*~tactically~*~*~ (retreating).
  1377 | D:3      | 1377 ||| Stepping ~*~*~tactically~*~*~ (retreating).
  1378 | D:3      | 1378 ||| Stepping ~*~*~tactically~*~*~ (retreating).
  1379 | D:3      | 1379 ||| Stepping ~*~*~tactically~*~*~ (retreating).
  1380 | D:3      | 1380 ||| Stepping ~*~*~tactically~*~*~ (retreating).
  1382 | D:3      | 1382 ||| Stepping ~*~*~tactically~*~*~ (retreating).
  1386 | D:3      | Killed Natasha
  1389 | D:3      | Killed Grinder
  1390 | D:3      | Reached skill level 7 in Ranged Weapons
  1390 | D:3      | Reached XP level 5. HP: 27/32 MP: 5/5
  1390 | D:3      | Reached XP level 6. HP: 31/37 MP: 6/6
  1693 | D:3      | Noticed Natasha
  1694 | D:3      | Killed Natasha
  1764 | D:3      | Noticed Natasha
  1766 | D:3      | Killed Natasha
  1799 | D:3      | 1799 ||| DROPPING +6 ring of intelligence.
  1800 | D:3      | 1800 ||| READING scroll labelled ANLUATZ QUTO.
  1801 | D:3      | 1801 ||| DRINKING 2 purple potions.
  2104 | D:4      | Reached XP level 7. HP: 43/43 MP: 7/7
  2104 | D:4      | You fall into a shaft and drop 3 floors!
  2157 | D:7      | Reached skill level 8 in Ranged Weapons
  2178 | D:7      | 2178 ||| RETREATING.
  2193 | D:7      | Reached XP level 8. HP: 40/50 MP: 8/8
  2286 | D:7      | 2286 ||| UPGRADING to +0 pair of boots.
  2291 | D:7      | 2291 ||| READING scroll labelled GUNGO ZEMOURAH.
  2292 | D:7      | 2292 ||| READING 3 scrolls of identify.
  2292 | D:7      | 2292 ||| IDENTIFYING dark potion
  2299 | D:6      | 2299 ||| PLANNING SEWER
  2390 | D:6      | Reached skill level 9 in Ranged Weapons
  2393 | D:6      | Reached skill level 6 in Fighting
  2528 | D:6      | Found Begryq's General Store.
  2565 | D:6      | 2565 ||| BUYING scroll of teleportation (42 gold).
  2565 | D:6      | Bought a scroll of teleportation for 42 gold pieces
  2566 | D:6      | Found Gammeah's Assorted Antiques.
  2572 | D:6      | 2572 ||| SHOPLISTING +3 pair of mountain boots {steadfast,
                  | rC+} (770 gold, have 169).
  2572 | D:6      | 2572 ||| BUYING dyed leather armour (115 gold).
  2572 | D:6      | Bought a dyed leather armour for 115 gold pieces
  2572 | D:6      | 2572 ||| BUYING scroll labelled UCOUCUSE RUPNY (23 gold).
  2572 | D:6      | Bought a scroll labelled UCOUCUSE RUPNY for 23 gold pieces
  2572 | D:6      | 2572 ||| SHOPLISTING scroll of enchant armour (172 gold,
                  | have 31).
  2572 | D:6      | 2572 ||| SHOPLISTING scroll of identify (46 gold, have 31).
  2595 | D:6      | Found Ojomom's Distillery.
  2603 | D:6      | 2603 ||| SHOPLISTING potion of cancellation (120 gold, have
                  | 31).
  2603 | D:6      | 2603 ||| SHOPLISTING potion of curing (45 gold, have 31).
  2603 | D:6      | 2603 ||| SHOPLISTING potion of heal wounds (75 gold, have
                  | 31).
  2603 | D:6      | 2603 ||| SHOPLISTING potion of might (60 gold, have 31).
  2613 | D:6      | Found Asieffiwk's Book Shoppe.
  2756 | D:6      | 2756 ||| UPGRADING to +0 pair of gloves.
  2761 | D:6      | 2761 ||| READING scroll labelled UCOUCUSE RUPNY.
  2762 | D:6      | 2762 ||| FLEEEEING.
  2769 | D:6      | 2769 ||| STAIRDANCE
  2770 | D:5      | Entered Level 5 of the Dungeon
  2796 | D:5      | 2796 ||| READING scroll labelled DUCVOS KODWEYCH.
  2797 | D:5      | 2797 ||| READING 2 scrolls of identify.
  2797 | D:5      | 2797 ||| IDENTIFYING murky pink potion
  2885 | D:6      | 2885 ||| RIP SEWER
  2890 | D:6      | Found a shimmering blue altar of Sif Muna.
  2891 | D:6      | 2891 ||| PLANNING D:1-11
  2891 | D:6      | 2891 ||| FLEEEEING.
  2892 | D:6      | 2892 ||| FLEEEEING.
  2893 | D:6      | 2893 ||| FLEEEEING.
  2894 | D:6      | 2894 ||| FLEEEEING.
  2895 | D:6      | 2895 ||| FLEEEEING.
  2897 | D:6      | 2897 ||| FLEEEEING.
  2898 | D:6      | 2898 ||| FLEEEEING.
  2899 | D:6      | 2899 ||| FLEEEEING.
  2906 | D:6      | 2906 ||| FLEEEEING.
  2907 | D:6      | 2907 ||| FLEEEEING.
  2910 | D:6      | 2910 ||| FLEEEEING.
  2911 | D:6      | 2911 ||| FLEEEEING.
  2912 | D:6      | 2912 ||| FLEEEEING.
  2914 | D:6      | 2914 ||| STAIRDANCE
  2934 | D:4      | Reached skill level 3 in Armour
  2937 | D:4      | Reached skill level 10 in Ranged Weapons
  2937 | D:4      | Reached XP level 9. HP: 45/55 MP: 9/9
  2989 | D:4      | Found a large runed translucent door.
  3009 | D:4      | Found a large runed translucent door.
  3387 | D:4      | 3387 ||| RETREATING.
  3904 | D:4      | 3904 ||| READING scroll labelled DOFANOGAUM.
  3979 | D:5      | Found a staircase to the Ecumenical Temple.
  3980 | D:5      | 3980 ||| PLANNING TEMPLE
  3988 | Temple   | Found a transporter.
  3988 | Temple   | Found a transporter.
  3988 | Temple   | Found a transporter.
  3988 | Temple   | Found a transporter.
  3988 | Temple   | Entered the Ecumenical Temple
  3989 | Temple   | 3989 ||| PLANNING D:1-11
  4064 | D:5      | 4064 ||| Stepping ~*~*~tactically~*~*~ (outnumbered).
  4095 | D:5      | 4095 ||| FLEEEEING.
  4096 | D:5      | 4096 ||| FLEEEEING.
  4097 | D:5      | 4097 ||| FLEEEEING.
  4098 | D:5      | 4098 ||| FLEEEEING.
  4328 | D:5      | 4328 ||| READING scroll of enchant armour.
  4328 | D:5      | 4328 ||| ENCHANTING +0 pair of gloves.
  4549 | D:5      | 4549 ||| READING 2 scrolls of identify.
  4549 | D:5      | 4549 ||| IDENTIFYING gluggy blue potion
  4550 | D:5      | 4550 ||| DROPPING potion of invisibility.
  4645 | D:6      | Found an iron altar of Okawaru.
  4646 | D:6      | 4646 ||| PLANNING OKAWARU WORSHIP
  4653 | D:6      | Became a worshipper of Warmaster Okawaru
  4654 | D:6      | 4654 ||| PLANNING D:1-11
  4894 | D:7      | 4894 ||| Stepping ~*~*~tactically~*~*~ (outnumbered).
  4896 | D:7      | 4896 ||| Stepping ~*~*~tactically~*~*~ (outnumbered).
  4905 | D:7      | Reached skill level 11 in Ranged Weapons
  4916 | D:7      | HP: 10/57 [white imp/puff of frost (8)]
  4917 | D:7      | 4917 ||| READING 6 scrolls of teleportation.
  4918 | D:7      | 4918 ||| DRINKING 3 potions of heal wounds.
  4954 | D:7      | Reached skill level 3 in Dodging
  5005 | D:7      | Reached * piety under Okawaru
  5022 | D:7      | 5022 ||| Stepping ~*~*~tactically~*~*~ (outnumbered).
  5023 | D:7      | 5023 ||| Stepping ~*~*~tactically~*~*~ (outnumbered).
  5027 | D:7      | 5027 ||| Stepping ~*~*~tactically~*~*~ (outnumbered).
  5028 | D:7      | 5028 ||| INVOKING Heroism.
  5068 | D:7      | Found a shadowy altar of Dithmenos.
  5180 | D:7      | Reached skill level 1 in Invocations
  5438 | D:7      | 5438 ||| READING scroll labelled EXOAMNADYW.
  5439 | D:7      | 5439 ||| READING 2 scrolls of identify.
  5439 | D:7      | 5439 ||| IDENTIFYING metallic yellow potion
  5440 | D:7      | 5440 ||| DROPPING potion of brilliance.
  5464 | D:8      | 5464 ||| RETREATING.
  5465 | D:8      | Noticed a hornet
  5467 | D:8      | 5467 ||| Stepping ~*~*~tactically~*~*~ (retreating).
  5470 | D:8      | Killed a hornet
  5471 | D:8      | 5471 ||| Stepping ~*~*~tactically~*~*~ (retreating).
  5472 | D:8      | 5472 ||| INVOKING Heroism.
  5475 | D:8      | Reached skill level 3 in Invocations
  5475 | D:8      | Reached XP level 10. HP: 32/64 MP: 8/12
  5482 | D:8      | Reached ** piety under Okawaru
  5486 | D:8      | 5486 ||| INVOKING Heroism.
  5490 | D:8      | HP: 16/64 [yak (10)]
  5491 | D:8      | 5491 ||| READING 5 scrolls of teleportation.
  5492 | D:8      | 5492 ||| DRINKING 2 potions of heal wounds.
  5524 | D:8      | 5524 ||| FLEEEEING.
  5525 | D:8      | 5525 ||| FLEEEEING.
  5528 | D:8      | 5528 ||| STAIRDANCE
  5578 | D:8      | Noticed a manticore
  5579 | D:8      | 5579 ||| INVOKING Heroism.
  5580 | D:8      | Noticed an entropy weaver
  5581 | D:8      | 5581 ||| RETREATING.
  5583 | D:8      | Killed a manticore
  5584 | D:8      | Reached skill level 12 in Ranged Weapons
  5699 | D:8      | 5699 ||| INVOKING Heroism.
  5821 | D:8      | Noticed a centaur warrior
  5825 | D:8      | 5825 ||| INVOKING Heroism.
  5827 | D:8      | Killed a centaur warrior
  5827 | D:8      | Reached *** piety under Okawaru
  5828 | D:8      | Reached skill level 13 in Ranged Weapons
  5918 | D:8      | 5918 ||| INVOKING Heroism.
  5987 | D:8      | Noticed a cyan ugly thing
  5993 | D:8      | Killed a cyan ugly thing
  5994 | D:8      | Reached skill level 9 in Fighting
  5994 | D:8      | Reached XP level 11. HP: 71/71 MP: 14/14
  6357 | D:8      | 6357 ||| UPGRADING to +1 cloak of poison resistance.
  6362 | D:8      | 6362 ||| UPGRADING to ring of see invisible.
  6380 | D:9      | 6380 ||| STAIRDANCE
  6418 | D:9      | 6418 ||| STAIRDANCE
  6422 | D:8      | Reached **** piety under Okawaru
  6522 | D:9      | 6522 ||| FLEEEEING.
  6646 | D:9      | 6646 ||| RETREATING.
  6672 | D:9      | 6672 ||| INVOKING Heroism.
  6693 | D:9      | 6693 ||| READING scroll of enchant weapon.
  6693 | D:9      | 6693 ||| ENCHANTING +5 longbow of flaming.
  6793 | D:9      | 6793 ||| INVOKING Heroism.
  6798 | D:9      | 6798 ||| Stepping ~*~*~tactically~*~*~ (outnumbered).
  7002 | D:9      | 7002 ||| INVOKING Heroism.
  7121 | D:9      | 7121 ||| INVOKING Heroism.
  7136 | D:9      | Reached skill level 14 in Ranged Weapons
  7146 | D:9      | Found a staircase to the Lair.
  7447 | D:9      | 7447 ||| PLANNING LAIR
  7447 | D:9      | 7447 ||| READING 6 scrolls of identify.
  7447 | D:9      | 7447 ||| IDENTIFYING inky potion
  7448 | D:9      | 7448 ||| DROPPING potion of lignification.
  7527 | Lair:1   | Entered Level 1 of the Lair of Beasts
  7546 | Lair:1   | 7546 ||| RETREATING.
  7555 | Lair:1   | Noticed a death yak
  7556 | Lair:1   | 7556 ||| INVOKING Heroism.
  7561 | Lair:1   | Noticed a death yak
  7563 | Lair:1   | Noticed a death yak
  7569 | Lair:1   | Killed a death yak
  7570 | Lair:1   | Reached skill level 6 in Invocations
  7572 | Lair:1   | HP: 16/71 [death yak (7)]
  7573 | Lair:1   | 7573 ||| READING 5 scrolls of teleportation.
  7573 | Lair:1   | HP: 5/71 [death yak (11)]
  7574 | Lair:1   | 7574 ||| DRINKING 3 potions of heal wounds.
  7576 | Lair:1   | 7576 ||| INVOKING Heroism.
  7789 | Lair:1   | 7789 ||| RETREATING.
  7791 | Lair:1   | 7791 ||| Stepping ~*~*~tactically~*~*~ (retreating).
  7792 | Lair:1   | 7792 ||| Stepping ~*~*~tactically~*~*~ (retreating).
  7793 | Lair:1   | 7793 ||| Stepping ~*~*~tactically~*~*~ (retreating).
  7794 | Lair:1   | 7794 ||| Stepping ~*~*~tactically~*~*~ (retreating).
  7795 | Lair:1   | 7795 ||| Stepping ~*~*~tactically~*~*~ (retreating).
  7796 | Lair:1   | 7796 ||| INVOKING Heroism.
  7804 | Lair:1   | Killed a death yak
  7805 | Lair:1   | Reached skill level 6 in Armour
  7807 | Lair:1   | HP: 7/71 [death yak (18)]
  7808 | Lair:1   | 7808 ||| READING 4 scrolls of teleportation.
  7809 | Lair:1   | 7809 ||| DRINKING 2 potions of heal wounds.
  7811 | Lair:1   | Killed a death yak
  7811 | Lair:1   | Reached ***** piety under Okawaru
  7946 | Lair:1   | 7946 ||| INVOKING Heroism.
  7949 | Lair:1   | 7949 ||| Stepping ~*~*~tactically~*~*~ (retreating).
  7950 | Lair:1   | 7950 ||| Stepping ~*~*~tactically~*~*~ (retreating).
  7951 | Lair:1   | 7951 ||| Stepping ~*~*~tactically~*~*~ (retreating).
  7960 | Lair:1   | 7960 ||| Stepping ~*~*~tactically~*~*~ (retreating).
  7961 | Lair:1   | 7961 ||| Stepping ~*~*~tactically~*~*~ (retreating).
  7962 | Lair:1   | 7962 ||| Stepping ~*~*~tactically~*~*~ (retreating).
  7963 | Lair:1   | 7963 ||| Stepping ~*~*~tactically~*~*~ (retreating).
  7966 | Lair:1   | 7966 ||| INVOKING Heroism.
  7967 | Lair:1   | 7967 ||| Stepping ~*~*~tactically~*~*~ (retreating).
  7968 | Lair:1   | 7968 ||| Stepping ~*~*~tactically~*~*~ (retreating).
  7969 | Lair:1   | 7969 ||| Stepping ~*~*~tactically~*~*~ (retreating).
  7974 | Lair:1   | 7974 ||| Stepping ~*~*~tactically~*~*~ (retreating).
  7975 | Lair:1   | 7975 ||| Stepping ~*~*~tactically~*~*~ (retreating).
  7976 | Lair:1   | 7976 ||| Stepping ~*~*~tactically~*~*~ (retreating).
  7977 | Lair:1   | 7977 ||| Stepping ~*~*~tactically~*~*~ (retreating).
  7978 | Lair:1   | 7978 ||| Stepping ~*~*~tactically~*~*~ (retreating).
  7979 | Lair:1   | 7979 ||| Stepping ~*~*~tactically~*~*~ (retreating).
  7980 | Lair:1   | 7980 ||| Stepping ~*~*~tactically~*~*~ (retreating).
  7987 | Lair:1   | 7987 ||| INVOKING Heroism.
  7996 | Lair:1   | Reached XP level 12. HP: 65/77 MP: 15/17
  8072 | Lair:1   | 8072 ||| RETREATING.
  8232 | Lair:1   | 8232 ||| RETREATING.
  8234 | Lair:1   | 8234 ||| INVOKING Heroism.
  8238 | Lair:1   | 8238 ||| RETREATING.
  8243 | Lair:1   | 8243 ||| Stepping ~*~*~tactically~*~*~ (retreating).
  8244 | Lair:1   | 8244 ||| Stepping ~*~*~tactically~*~*~ (retreating).
  8245 | Lair:1   | 8245 ||| Stepping ~*~*~tactically~*~*~ (retreating).
  8246 | Lair:1   | 8246 ||| Stepping ~*~*~tactically~*~*~ (retreating).
  8247 | Lair:1   | 8247 ||| Stepping ~*~*~tactically~*~*~ (retreating).
  8248 | Lair:1   | 8248 ||| Stepping ~*~*~tactically~*~*~ (retreating).
  8249 | Lair:1   | 8249 ||| Stepping ~*~*~tactically~*~*~ (retreating).
  8250 | Lair:1   | 8250 ||| Stepping ~*~*~tactically~*~*~ (retreating).
  8251 | Lair:1   | 8251 ||| Stepping ~*~*~tactically~*~*~ (retreating).
  8385 | Lair:1   | Noticed a death yak
  8385 | Lair:1   | Noticed a death yak
  8385 | Lair:1   | Noticed a death yak
  8386 | Lair:1   | 8386 ||| RETREATING.
  8391 | Lair:1   | 8391 ||| INVOKING Heroism.
  8392 | Lair:1   | 8392 ||| INVOKING Finesse.
  8395 | Lair:1   | Killed a death yak
  8412 | Lair:1   | 8412 ||| INVOKING Heroism.
  8413 | Lair:1   | 8413 ||| Stepping ~*~*~tactically~*~*~ (retreating).
  8414 | Lair:1   | 8414 ||| Stepping ~*~*~tactically~*~*~ (retreating).
  8415 | Lair:1   | 8415 ||| Stepping ~*~*~tactically~*~*~ (retreating).
  8416 | Lair:1   | 8416 ||| Stepping ~*~*~tactically~*~*~ (retreating).
  8417 | Lair:1   | Killed a death yak
  8531 | Lair:1   | 8531 ||| INVOKING Heroism.
  8629 | Lair:1   | 8629 ||| INVOKING Heroism.
  8638 | Lair:1   | Killed a death yak
  8639 | Lair:1   | Reached skill level 9 in Invocations
  8735 | Lair:1   | 8735 ||| UPGRADING to +2 pair of gloves.
  8745 | Lair:1   | 8745 ||| DROPPING +1 pair of gloves.
  8746 | Lair:1   | 8746 ||| UPGRADING to +2 hat.
  8756 | Lair:1   | 8756 ||| DROPPING +0 helmet.
  8757 | Lair:1   | 8757 ||| READING 3 scrolls labelled GOVEOJ CATY.
  8858 | Lair:1   | 8858 ||| DROPPING 2 scrolls of silence.
  8926 | Lair:2   | 8926 ||| INVOKING Heroism.
  9106 | Lair:2   | Received a gift from Okawaru
  9110 | Lair:2   | 9110 ||| RETREATING.
  9123 | Lair:2   | 9123 ||| Stepping ~*~*~tactically~*~*~ (retreating).
  9124 | Lair:2   | 9124 ||| INVOKING Heroism.
  9129 | Lair:2   | Reached skill level 15 in Ranged Weapons
  9187 | Lair:2   | 9187 ||| INVOKING Heroism.
  9188 | Lair:2   | Noticed a four-headed hydra
  9190 | Lair:2   | 9190 ||| RETREATING.
  9194 | Lair:2   | Killed a four-headed hydra
  9228 | Lair:2   | 9228 ||| INVOKING Finesse.
  9229 | Lair:2   | 9229 ||| INVOKING Heroism.
  9322 | Lair:2   | 9322 ||| INVOKING Heroism.
  9383 | Lair:2   | 9383 ||| INVOKING Heroism.
  9454 | Lair:2   | Found a staircase to the Shoals.
  9465 | Lair:2   | 9465 ||| INVOKING Heroism.
  9655 | Lair:2   | Found a hole to the Spider Nest.
  9925 | Lair:2   | Reached XP level 13. HP: 82/82 MP: 20/20
  9995 | Lair:2   | 9995 ||| READING 6 scrolls of identify.
  9995 | Lair:2   | 9995 ||| IDENTIFYING cyan potion
  9996 | Lair:2   | 9996 ||| READING 5 scrolls of identify.
  9996 | Lair:2   | 9996 ||| IDENTIFYING bubbling inky potion
 10012 | Lair:3   | 10012 ||| STAIRDANCE
 10020 | Lair:3   | Reached skill level 16 in Ranged Weapons
 10164 | Lair:3   | 10164 ||| INVOKING Heroism.
 10170 | Lair:3   | Received a gift from Okawaru
 10268 | Lair:3   | 10268 ||| RETREATING.
 10274 | Lair:3   | 10274 ||| Stepping ~*~*~tactically~*~*~ (retreating).
 10275 | Lair:3   | 10275 ||| Stepping ~*~*~tactically~*~*~ (retreating).
 10276 | Lair:3   | 10276 ||| Stepping ~*~*~tactically~*~*~ (retreating).
 10277 | Lair:3   | 10277 ||| Stepping ~*~*~tactically~*~*~ (retreating).
 10312 | Lair:3   | 10312 ||| FLEEEEING.
 10313 | Lair:3   | 10313 ||| FLEEEEING.
 10314 | Lair:3   | 10314 ||| FLEEEEING.
 10315 | Lair:3   | 10315 ||| FLEEEEING.
 10356 | Lair:3   | 10356 ||| INVOKING Heroism.
 10358 | Lair:3   | 10358 ||| Stepping ~*~*~tactically~*~*~ (retreating).
 10428 | Lair:3   | 10428 ||| INVOKING Heroism.
 10430 | Lair:3   | HP: 19/84 [fire crab (10)]
 10431 | Lair:3   | 10431 ||| READING 4 scrolls of teleportation.
 10432 | Lair:3   | 10432 ||| DRINKING potion of heal wounds.
 10441 | Lair:3   | 10441 ||| Stepping ~*~*~tactically~*~*~ (retreating).
 10442 | Lair:3   | 10442 ||| Stepping ~*~*~tactically~*~*~ (retreating).
 10443 | Lair:3   | 10443 ||| Stepping ~*~*~tactically~*~*~ (retreating).
 10444 | Lair:3   | 10444 ||| Stepping ~*~*~tactically~*~*~ (retreating).
 10492 | Lair:3   | 10492 ||| INVOKING Heroism.
 10621 | Lair:3   | 10621 ||| INVOKING Heroism.
 10766 | Lair:3   | 10766 ||| INVOKING Heroism.
 10767 | Lair:3   | 10767 ||| INVOKING Finesse.
 10840 | Lair:3   | 10840 ||| READING scroll of acquirement.
 10840 | Lair:3   | 10840 ||| ACQUIRING +2 pair of boots "Pech" {rElec rF-
                  | rCorr}
 10840 | Lair:3   | Acquired the +2 pair of boots "Pech" {rElec rF- rCorr}
 10981 | Lair:3   | 10981 ||| Stepping ~*~*~tactically~*~*~ (retreating).
 10982 | Lair:3   | 10982 ||| INVOKING Heroism.
 10991 | Lair:3   | Reached skill level 17 in Ranged Weapons
 11064 | Lair:3   | 11064 ||| Stepping ~*~*~tactically~*~*~ (retreating).
 11065 | Lair:3   | 11065 ||| Stepping ~*~*~tactically~*~*~ (retreating).
 11066 | Lair:3   | 11066 ||| INVOKING Heroism.
 11067 | Lair:3   | 11067 ||| INVOKING Finesse.
 11122 | Lair:3   | Reached skill level 18 in Ranged Weapons
 11122 | Lair:3   | Gained mutation: Your large and strong wings let you fly.
                  | [Gargoyle growth]
 11122 | Lair:3   | Reached XP level 14. HP: 55/90 MP: 17/21
 11122 | Lair:3   | 11122 ||| INVOKING Heroism.
 11422 | Lair:3   | 11422 ||| Stepping ~*~*~tactically~*~*~ (retreating).
 11424 | Lair:3   | 11424 ||| RETREATING.
 11426 | Lair:3   | 11426 ||| INVOKING Heroism.
 11427 | Lair:3   | 11427 ||| INVOKING Finesse.
 11436 | Lair:3   | 11436 ||| Stepping ~*~*~tactically~*~*~ (retreating).
 11437 | Lair:3   | 11437 ||| Stepping ~*~*~tactically~*~*~ (retreating).
 11461 | Lair:3   | Reached skill level 12 in Fighting
 11525 | Lair:3   | 11525 ||| RETREATING.
 11665 | Lair:3   | Identified the +0 helmet "Opymutau" {Fly Int+3 Dex+2}
                  | (Okawaru gifted it to you on level 3 of the Lair of Beasts)
 11665 | Lair:3   | Received a gift from Okawaru
 11930 | Lair:3   | 11930 ||| UPGRADING to +0 helmet "Opymutau" {Fly Int+3
                  | Dex+2}.
 11940 | Lair:3   | 11940 ||| DROPPING +2 hat.
 11941 | Lair:3   | 11941 ||| UPGRADING to +5 ring of evasion.
 11942 | Lair:3   | 11942 ||| READING 2 scrolls labelled DIPLEWETRU.
 11943 | Lair:3   | 11943 ||| DROPPING scroll of blinking.
 11944 | Lair:3   | 11944 ||| DROPPING 3 scrolls of noise.
 12056 | Lair:4   | Noticed Nessos
 12057 | Lair:4   | 12057 ||| INVOKING Finesse.
 12058 | Lair:4   | 12058 ||| DRINKING potion of cancellation.
 12064 | Lair:4   | Killed Nessos
 12116 | Lair:4   | Found a runed translucent door.
 12117 | Lair:4   | Found a staircase to the Slime Pits.
 12117 | Lair:4   | Noticed an acid blob
 12117 | Lair:4   | Noticed an acid blob
 12117 | Lair:4   | Noticed an acid blob
 12177 | Lair:4   | 12177 ||| INVOKING Heroism.
 12209 | Lair:4   | Reached skill level 6 in Dodging
 12286 | Lair:4   | Found an ornate altar of the Wu Jian Council.
 12643 | Lair:4   | 12643 ||| DROPPING ring of magical power.
 12666 | Lair:5   | Entered Level 5 of the Lair of Beasts
 12675 | Lair:5   | 12675 ||| STAIRDANCE
 12704 | Lair:5   | 12704 ||| STAIRDANCE
 12802 | Lair:5   | 12802 ||| INVOKING Heroism.
 12803 | Lair:5   | 12803 ||| INVOKING Finesse.
 12957 | Lair:5   | Found a runed translucent door.
 12958 | Lair:5   | Noticed qw's ghost (journeyman GrHs)
 12998 | Lair:5   | Reached skill level 19 in Ranged Weapons
 13088 | Lair:5   | 13088 ||| Stepping ~*~*~tactically~*~*~ (retreating).
 13089 | Lair:5   | 13089 ||| Stepping ~*~*~tactically~*~*~ (retreating).
 13104 | Lair:5   | 13104 ||| Stepping ~*~*~tactically~*~*~ (retreating).
 13105 | Lair:5   | 13105 ||| Stepping ~*~*~tactically~*~*~ (retreating).
 13106 | Lair:5   | 13106 ||| Stepping ~*~*~tactically~*~*~ (retreating).
 13116 | Lair:5   | 13116 ||| INVOKING Heroism.
 13204 | Lair:5   | 13204 ||| RETREATING.
 13206 | Lair:5   | 13206 ||| Stepping ~*~*~tactically~*~*~ (retreating).
 13208 | Lair:5   | 13208 ||| INVOKING Heroism.
 13242 | Lair:5   | 13242 ||| RETREATING.
 13247 | Lair:5   | 13247 ||| Stepping ~*~*~tactically~*~*~ (retreating).
 13258 | Lair:5   | 13258 ||| RETREATING.
 13272 | Lair:5   | Reached XP level 15. HP: 98/98 MP: 22/22
 13273 | Lair:5   | Identified the +1 cloak of the Elephant {+Inv rElec rPois}
                  | (Okawaru gifted it to you on level 5 of the Lair of Beasts)
 13273 | Lair:5   | Received a gift from Okawaru
 13278 | Lair:5   | 13278 ||| INVOKING Heroism.
 13300 | Lair:5   | 13300 ||| READING scroll of enchant weapon.
 13300 | Lair:5   | 13300 ||| ENCHANTING +6 longbow of flaming.
 13306 | Lair:5   | Found the +3 Mad Mage's Maulers {Infuse+∞ VampMP -Cast}
 13401 | Lair:5   | 13401 ||| Stepping ~*~*~tactically~*~*~ (outnumbered).
 13415 | Lair:5   | 13415 ||| Stepping ~*~*~tactically~*~*~ (outnumbered).
 13417 | Lair:5   | 13417 ||| Stepping ~*~*~tactically~*~*~ (outnumbered).
 13618 | Lair:5   | Noticed Sonja
 13619 | Lair:5   | 13619 ||| RETREATING.
 13620 | Lair:5   | 13620 ||| INVOKING Finesse.
 13654 | Lair:5   | Killed Sonja
 13664 | Lair:5   | 13664 ||| FLEEEEING.
 13665 | Lair:5   | 13665 ||| FLEEEEING.
 13670 | Lair:5   | Reached skill level 9 in Armour
 13950 | Lair:5   | 13950 ||| Stepping ~*~*~tactically~*~*~ (cloud).
 14151 | Lair:5   | 14151 ||| INVOKING Heroism.
 14289 | Lair:5   | 14289 ||| PLANNING D:1-11
 14289 | Lair:5   | 14289 ||| DROPPING +1 cloak of the Elephant {+Inv rElec
                  | rPois}.
 14290 | Lair:5   | 14290 ||| READING 7 scrolls of identify.
 14290 | Lair:5   | 14290 ||| IDENTIFYING amethyst potion
 14424 | D:10     | Entered Level 10 of the Dungeon
 14426 | D:10     | Found a staircase to the Orcish Mines.
 14473 | D:10     | 14473 ||| RETREATING.
 14480 | D:10     | 14480 ||| Stepping ~*~*~tactically~*~*~ (retreating).
 14481 | D:10     | 14481 ||| Stepping ~*~*~tactically~*~*~ (retreating).
 14482 | D:10     | 14482 ||| Stepping ~*~*~tactically~*~*~ (retreating).
 14483 | D:10     | 14483 ||| Stepping ~*~*~tactically~*~*~ (retreating).
 14484 | D:10     | 14484 ||| Stepping ~*~*~tactically~*~*~ (retreating).
 14494 | D:10     | 14494 ||| INVOKING Heroism.
 14545 | D:10     | 14545 ||| INVOKING Heroism.
 14546 | D:10     | 14546 ||| Stepping ~*~*~tactically~*~*~ (retreating).
 14547 | D:10     | 14547 ||| Stepping ~*~*~tactically~*~*~ (retreating).
 14549 | D:10     | 14549 ||| Stepping ~*~*~tactically~*~*~ (retreating).
 14550 | D:10     | 14550 ||| Stepping ~*~*~tactically~*~*~ (outnumbered).
 14730 | D:10     | 14730 ||| Stepping ~*~*~tactically~*~*~ (outnumbered).
 14733 | D:10     | 14733 ||| RETREATING.
 14735 | D:10     | 14735 ||| Stepping ~*~*~tactically~*~*~ (retreating).
 14736 | D:10     | 14736 ||| Stepping ~*~*~tactically~*~*~ (retreating).
 14744 | D:10     | 14744 ||| Stepping ~*~*~tactically~*~*~ (retreating).
 14748 | D:10     | 14748 ||| Stepping ~*~*~tactically~*~*~ (retreating).
 14749 | D:10     | 14749 ||| Stepping ~*~*~tactically~*~*~ (retreating).
 14750 | D:10     | 14750 ||| Stepping ~*~*~tactically~*~*~ (retreating).
 14751 | D:10     | 14751 ||| Stepping ~*~*~tactically~*~*~ (retreating).
 14752 | D:10     | 14752 ||| Stepping ~*~*~tactically~*~*~ (retreating).
 14825 | D:10     | Reached skill level 20 in Ranged Weapons
 15093 | D:10     | Identified the +4 rapier "Tear" {heavy, rC- rN+++ Str+5}
 15185 | D:10     | 15185 ||| INVOKING Heroism.
 15245 | D:10     | 15245 ||| Stepping ~*~*~tactically~*~*~ (outnumbered).
 15248 | D:10     | 15248 ||| RETREATING.
 15305 | D:10     | Identified the +1 scale mail of Quotsyma {*Corrode Will++
                  | Regen+}
 15410 | D:10     | Identified the amulet of the Insatiable Heavens {Faith rF+
                  | rC++ Int-3 Dex+3}
 15513 | D:10     | Identified the +1 buckler of Bedevilment {Harm} (Okawaru
                  | gifted it to you on level 10 of the Dungeon)
 15513 | D:10     | Received a gift from Okawaru
 15648 | D:10     | 15648 ||| READING scroll of enchant weapon.
 15648 | D:10     | 15648 ||| ENCHANTING +7 longbow of flaming.
 15747 | D:10     | 15747 ||| DROPPING +2 pair of gloves.
 15748 | D:10     | 15748 ||| UPGRADING to amulet of the Insatiable Heavens
                  | {Faith rF+ rC++ Int-3 Dex+3}.
 15753 | D:10     | 15753 ||| UPGRADING to +2 pair of boots "Pech" {rElec rF-
                  | rCorr}.
 15763 | D:10     | 15763 ||| READING 7 scrolls of identify.
 15763 | D:10     | 15763 ||| IDENTIFYING fuming grey potion
 15764 | D:10     | 15764 ||| DROPPING potion of degeneration.
 15807 | D:11     | 15807 ||| Stepping ~*~*~tactically~*~*~ (outnumbered).
 15839 | D:11     | Noticed Urug
 15840 | D:11     | 15840 ||| INVOKING Heroism.
 15841 | D:11     | 15841 ||| INVOKING Finesse.
 15851 | D:11     | 15851 ||| RETREATING.
 15856 | D:11     | Killed Urug
 16032 | D:11     | 16032 ||| Stepping ~*~*~tactically~*~*~ (outnumbered).
 16034 | D:11     | 16034 ||| Stepping ~*~*~tactically~*~*~ (outnumbered).
 16036 | D:11     | 16036 ||| Stepping ~*~*~tactically~*~*~ (outnumbered).
 16037 | D:11     | 16037 ||| Stepping ~*~*~tactically~*~*~ (outnumbered).
 16038 | D:11     | 16038 ||| Stepping ~*~*~tactically~*~*~ (outnumbered).
 16039 | D:11     | 16039 ||| Stepping ~*~*~tactically~*~*~ (outnumbered).
 16040 | D:11     | 16040 ||| Stepping ~*~*~tactically~*~*~ (outnumbered).
 16041 | D:11     | 16041 ||| Stepping ~*~*~tactically~*~*~ (outnumbered).
 16049 | D:11     | 16049 ||| Stepping ~*~*~tactically~*~*~ (outnumbered).
 16050 | D:11     | 16050 ||| Stepping ~*~*~tactically~*~*~ (outnumbered).
 16053 | D:11     | 16053 ||| INVOKING Heroism.
 16309 | D:11     | 16309 ||| PLANNING D
 16351 | D:12     | 16351 ||| RETREATING.
 16362 | D:12     | 16362 ||| INVOKING Heroism.
 16364 | D:12     | 16364 ||| READING 8 scrolls of teleportation.
 16368 | D:12     | 16368 ||| RETREATING.
 16375 | D:12     | 16375 ||| RETREATING.
 16376 | D:12     | 16376 ||| Stepping ~*~*~tactically~*~*~ (retreating).
 16377 | D:12     | 16377 ||| Stepping ~*~*~tactically~*~*~ (retreating).
 16378 | D:12     | 16378 ||| Stepping ~*~*~tactically~*~*~ (retreating).
 16379 | D:12     | 16379 ||| Stepping ~*~*~tactically~*~*~ (retreating).
 16380 | D:12     | 16380 ||| Stepping ~*~*~tactically~*~*~ (retreating).
 16381 | D:12     | 16381 ||| Stepping ~*~*~tactically~*~*~ (retreating).
 16382 | D:12     | 16382 ||| Stepping ~*~*~tactically~*~*~ (retreating).
 16383 | D:12     | 16383 ||| Stepping ~*~*~tactically~*~*~ (retreating).
 16395 | D:12     | HP: 20/100 [yak (12)]
 16396 | D:12     | 16396 ||| READING 7 scrolls of teleportation.
 16397 | D:12     | 16397 ||| DRINKING 2 potions of heal wounds.
 16400 | D:12     | Reached XP level 16. HP: 50/106 MP: 23/23
 16416 | D:12     | 16416 ||| INVOKING Heroism.
 16458 | D:12     | 16458 ||| FLEEEEING.
 16459 | D:12     | 16459 ||| FLEEEEING.
 16460 | D:12     | 16460 ||| FLEEEEING.
 16461 | D:12     | 16461 ||| FLEEEEING.
 16462 | D:12     | 16462 ||| FLEEEEING.
 16688 | D:12     | Found a runed translucent gate.
 16690 | D:12     | Found a runed translucent gate.
 16702 | D:12     | Found a runed translucent gate.
 16703 | D:12     | Noticed Nissa's ghost (journeyman MiFi)
 16708 | D:12     | 16708 ||| RETREATING.
 16807 | D:12     | 16807 ||| Stepping ~*~*~tactically~*~*~ (outnumbered).
 16814 | D:12     | Reached skill level 9 in Dodging
 16823 | D:12     | 16823 ||| INVOKING Heroism.
 16824 | D:12     | 16824 ||| INVOKING Finesse.
 17004 | D:12     | Found a frozen archway.
 17011 | D:12     | 17011 ||| Stepping ~*~*~tactically~*~*~ (outnumbered).
 17015 | D:12     | 17015 ||| Stepping ~*~*~tactically~*~*~ (outnumbered).
 17016 | D:12     | 17016 ||| Stepping ~*~*~tactically~*~*~ (outnumbered).
 17019 | D:12     | 17019 ||| Stepping ~*~*~tactically~*~*~ (outnumbered).
 17342 | D:12     | Found an iron altar of Okawaru.
 17345 | D:12     | 17345 ||| READING 8 scrolls of identify.
 17345 | D:12     | 17345 ||| IDENTIFYING bubbling amethyst potion
 17443 | D:13     | 17443 ||| Stepping ~*~*~tactically~*~*~ (outnumbered).
 17475 | D:13     | 17475 ||| READING scroll of enchant weapon.
 17475 | D:13     | 17475 ||| ENCHANTING +8 longbow of flaming.
 17827 | D:14     | 17827 ||| STAIRDANCE
 17831 | D:13     | Reached skill level 15 in Fighting
 17837 | D:14     | 17837 ||| STAIRDANCE
 17842 | D:14     | 17842 ||| STAIRDANCE
 17881 | D:14     | 17881 ||| Stepping ~*~*~tactically~*~*~ (retreating).
 17884 | D:14     | 17884 ||| RETREATING.
 17894 | D:14     | 17894 ||| RETREATING.
 17920 | D:14     | 17920 ||| RETREATING.
 17924 | D:14     | 17924 ||| RETREATING.
 17928 | D:14     | 17928 ||| Stepping ~*~*~tactically~*~*~ (retreating).
 17929 | D:14     | 17929 ||| INVOKING Heroism.
 17932 | D:14     | 17932 ||| Stepping ~*~*~tactically~*~*~ (retreating).
 17966 | D:14     | Found a portal to a secret trove of treasure.
 18015 | D:14     | 18015 ||| RETREATING.
 18043 | D:14     | Received a gift from Okawaru
 18131 | D:14     | 18131 ||| RETREATING.
 18266 | D:14     | 18266 ||| INVOKING Heroism.
 18347 | D:14     | 18347 ||| INVOKING Heroism.
 18627 | D:14     | 18627 ||| Stepping ~*~*~tactically~*~*~ (retreating).
 18628 | D:14     | 18628 ||| Stepping ~*~*~tactically~*~*~ (retreating).
 18629 | D:14     | 18629 ||| Stepping ~*~*~tactically~*~*~ (retreating).
 18630 | D:14     | 18630 ||| Stepping ~*~*~tactically~*~*~ (retreating).
 18631 | D:14     | 18631 ||| Stepping ~*~*~tactically~*~*~ (retreating).
 18632 | D:14     | 18632 ||| Stepping ~*~*~tactically~*~*~ (retreating).
 18674 | D:14     | 18674 ||| RETREATING.
 18679 | D:14     | 18679 ||| Stepping ~*~*~tactically~*~*~ (retreating).
 18680 | D:14     | 18680 ||| Stepping ~*~*~tactically~*~*~ (retreating).
 18683 | D:14     | 18683 ||| Stepping ~*~*~tactically~*~*~ (retreating).
 18684 | D:14     | 18684 ||| Stepping ~*~*~tactically~*~*~ (retreating).
 18729 | D:14     | Found a gate to the Vaults.
 18730 | D:14     | 18730 ||| RETREATING.
 18733 | D:14     | 18733 ||| Stepping ~*~*~tactically~*~*~ (retreating).
 18734 | D:14     | 18734 ||| Stepping ~*~*~tactically~*~*~ (retreating).
 18735 | D:14     | 18735 ||| Stepping ~*~*~tactically~*~*~ (retreating).
 18736 | D:14     | 18736 ||| Stepping ~*~*~tactically~*~*~ (retreating).
 18739 | D:14     | Received a gift from Okawaru
 18754 | D:14     | 18754 ||| INVOKING Heroism.
 18771 | D:14     | HP: 25/110 [vault guard simulacrum (8)]
 18772 | D:14     | 18772 ||| READING 8 scrolls of teleportation.
 18773 | D:14     | 18773 ||| DRINKING 4 potions of heal wounds.
 19033 | D:14     | Identified the +2 pair of boots "Ownyfuc" {Int+6}
 19086 | D:14     | 19086 ||| DROPPING +0 pair of boots.
 19087 | D:14     | 19087 ||| UPGRADING to +2 pair of boots "Ownyfuc" {Int+6}.
 19097 | D:14     | 19097 ||| READING 9 scrolls of identify.
 19097 | D:14     | 19097 ||| IDENTIFYING brown potion
 19110 | D:15     | Entered Level 15 of the Dungeon
 19113 | D:15     | 19113 ||| INVOKING Heroism.
 19150 | D:15     | 19150 ||| INVOKING Heroism.
 19153 | D:15     | 19153 ||| Stepping ~*~*~tactically~*~*~ (retreating).
 19429 | D:15     | Identified the +0 chain mail of Luckel Jyemn {rN+ rCorr}
                  | (Okawaru gifted it to you on level 15 of the Dungeon)
 19429 | D:15     | Received a gift from Okawaru
 19430 | D:15     | Reached XP level 17. HP: 115/115 MP: 24/24
 19438 | D:15     | Found a staircase to the Depths.
 19552 | D:15     | Found Roassoa's General Store.
 19756 | D:15     | 19756 ||| PLANNING ORC
 19894 | Orc:1    | Entered Level 1 of the Orcish Mines
 19895 | Orc:1    | 19895 ||| STAIRDANCE
 19900 | Orc:1    | 19900 ||| STAIRDANCE
 19908 | Orc:1    | 19908 ||| STAIRDANCE
 20138 | Orc:1    | Found a shimmering blue altar of Sif Muna.
 20210 | Orc:1    | 20210 ||| Stepping ~*~*~tactically~*~*~ (outnumbered).
 20478 | Orc:2    | Entered Level 2 of the Orcish Mines
 20478 | Orc:2    | Found a staircase to the Elven Halls.
 20478 | Orc:2    | Found Itust's Armour Boutique.
 20484 | Orc:2    | 20484 ||| STAIRDANCE
 20550 | Orc:2    | 20550 ||| BUYING +3 ring mail of fire resistance (416
                  | gold).
 20550 | Orc:2    | Bought a +3 ring mail of fire resistance for 416 gold
                  | pieces
 20550 | Orc:2    | 20550 ||| BUYING quicksilver dragon scales (960 gold).
 20550 | Orc:2    | Bought quicksilver dragon scales for 960 gold pieces
 20626 | Orc:2    | Found Idufuuwn's Distillery.
 20652 | Orc:2    | 20652 ||| BUYING potion of enlightenment (70 gold).
 20652 | Orc:2    | Bought a potion of enlightenment for 70 gold pieces
 20652 | Orc:2    | 20652 ||| BUYING potion of haste (140 gold).
 20652 | Orc:2    | Bought a potion of haste for 140 gold pieces
 20652 | Orc:2    | 20652 ||| BUYING potion of heal wounds (70 gold).
 20652 | Orc:2    | Bought a potion of heal wounds for 70 gold pieces
 20652 | Orc:2    | 20652 ||| BUYING potion of resistance (140 gold).
 20652 | Orc:2    | Bought a potion of resistance for 140 gold pieces
 20799 | Orc:2    | Found Ziestrib's Antique Weapon Shop.
 20835 | Orc:2    | Found Suiziwo's General Store.
 20845 | Orc:2    | 20845 ||| BUYING 3 scrolls of teleportation (126 gold).
 20845 | Orc:2    | Bought 3 scrolls of teleportation for 126 gold pieces
 20845 | Orc:2    | 20845 ||| BUYING potion of haste (140 gold).
 20845 | Orc:2    | Bought a potion of haste for 140 gold pieces
 20845 | Orc:2    | 20845 ||| SHOPLISTING wand of digging (2) (117 gold, have
                  | 109).
 20919 | Orc:2    | Found Qozy's Jewellery Boutique.
 20929 | Orc:2    | 20929 ||| SHOPLISTING amulet of regeneration (450 gold,
                  | have 136).
 21013 | Orc:2    | 21013 ||| Stepping ~*~*~tactically~*~*~ (outnumbered).
 21015 | Orc:2    | 21015 ||| Stepping ~*~*~tactically~*~*~ (outnumbered).
 21037 | Orc:2    | 21037 ||| Stepping ~*~*~tactically~*~*~ (outnumbered).
 21044 | Orc:2    | 21044 ||| Stepping ~*~*~tactically~*~*~ (retreating).
 21045 | Orc:2    | 21045 ||| Stepping ~*~*~tactically~*~*~ (retreating).
 21046 | Orc:2    | 21046 ||| Stepping ~*~*~tactically~*~*~ (retreating).
 21047 | Orc:2    | 21047 ||| Stepping ~*~*~tactically~*~*~ (retreating).
 21048 | Orc:2    | 21048 ||| RETREATING.
 21051 | Orc:2    | 21051 ||| Stepping ~*~*~tactically~*~*~ (retreating).
 21052 | Orc:2    | 21052 ||| Stepping ~*~*~tactically~*~*~ (retreating).
 21061 | Orc:2    | 21061 ||| INVOKING Heroism.
 21070 | Orc:2    | 21070 ||| RETREATING.
 21077 | Orc:2    | 21077 ||| Stepping ~*~*~tactically~*~*~ (outnumbered).
 21220 | Orc:2    | Found Lomiceun's Antique Weapon Boutique.
 21225 | Orc:2    | Found Itheu's Antique Armour Shoppe.
 21248 | Orc:2    | 21248 ||| SHOPLISTING spiked leather armour (280 gold, have
                  | 136).
 21248 | Orc:2    | Found Zisann's Book Shoppe.
 21250 | Orc:2    | Found Asudghani's Magic Scroll Boutique.
 21259 | Orc:2    | 21259 ||| BUYING scroll of enchant weapon (105 gold).
 21259 | Orc:2    | Bought a scroll of enchant weapon for 105 gold pieces
 21259 | Orc:2    | 21259 ||| SHOPLISTING scroll of teleportation (42 gold,
                  | have 31).
 21335 | Orc:2    | 21335 ||| PLANNING SHOALS:1-3
 21335 | Orc:2    | 21335 ||| DROPPING +2 leather armour of fire resistance.
 21336 | Orc:2    | 21336 ||| UPGRADING to +3 ring mail of fire resistance.
 21346 | Orc:2    | 21346 ||| DROPPING +0 troll leather armour.
 21347 | Orc:2    | 21347 ||| DROPPING +2 ring mail of willpower.
 21348 | Orc:2    | 21348 ||| DROPPING +2 leather armour of cold resistance.
 21349 | Orc:2    | 21349 ||| UPGRADING to quicksilver dragon scales.
 21509 | Shoals:1 | Entered Level 1 of the Shoals
 21532 | Shoals:1 | 21532 ||| Stepping ~*~*~tactically~*~*~ (outnumbered).
 21572 | Shoals:1 | Identified the +0 helmet of Xiq Ram {Drain +Blink Stlth+}
                  | (Okawaru gifted it to you on level 1 of the Shoals)
 21572 | Shoals:1 | Received a gift from Okawaru
 21628 | Shoals:1 | 21628 ||| Stepping ~*~*~tactically~*~*~ (outnumbered).
 21630 | Shoals:1 | 21630 ||| RETREATING.
 21632 | Shoals:1 | 21632 ||| Stepping ~*~*~tactically~*~*~ (outnumbered).
 21703 | Shoals:1 | 21703 ||| INVOKING Heroism.
 21704 | Shoals:1 | 21704 ||| INVOKING Finesse.
 21709 | Shoals:1 | Reached skill level 12 in Armour
 21751 | Shoals:1 | 21751 ||| INVOKING Heroism.
 21804 | Shoals:1 | 21804 ||| RETREATING.
 21847 | Shoals:1 | 21847 ||| INVOKING Heroism.
 22068 | Shoals:1 | 22068 ||| INVOKING Heroism.
 22445 | Shoals:1 | 22445 ||| DROPPING +0 helmet of Xiq Ram {Drain +Blink
                  | Stlth+}.
 22446 | Shoals:1 | 22446 ||| DROPPING +2 pair of boots.
 22482 | Shoals:2 | Noticed a kraken
 22482 | Shoals:2 | Noticed a kraken
 22482 | Shoals:2 | Noticed a kraken
 22482 | Shoals:2 | Noticed a kraken
 22492 | Shoals:2 | 22492 ||| STAIRDANCE
 22525 | Shoals:2 | 22525 ||| STAIRDANCE
 22574 | Shoals:2 | 22574 ||| STAIRDANCE
 22640 | Shoals:2 | 22640 ||| STAIRDANCE
 22746 | Shoals:2 | 22746 ||| STAIRDANCE
 22807 | Shoals:2 | 22807 ||| STAIRDANCE
 22880 | Shoals:2 | 22880 ||| STAIRDANCE
 22922 | Shoals:2 | 22922 ||| STAIRDANCE
 22981 | Shoals:2 | 22981 ||| STAIRDANCE
 23095 | Shoals:2 | 23095 ||| STAIRDANCE
 23251 | Shoals:2 | 23251 ||| STAIRDANCE
 23293 | Shoals:2 | 23293 ||| STAIRDANCE
 23379 | Shoals:2 | 23379 ||| STAIRDANCE
 23528 | Shoals:2 | 23528 ||| STAIRDANCE
 23580 | Shoals:2 | 23580 ||| STAIRDANCE
 23674 | Shoals:2 | 23674 ||| STAIRDANCE
 23750 | Shoals:2 | 23750 ||| STAIRDANCE
 23849 | Shoals:2 | 23849 ||| STAIRDANCE
 23943 | Shoals:2 | 23943 ||| STAIRDANCE
 24062 | Shoals:2 | 24062 ||| STAIRDANCE
 24148 | Shoals:2 | 24148 ||| INVOKING Heroism.
 24156 | Shoals:2 | HP: 22/119 [tentacle[a kraken] (13)]
 24157 | Shoals:2 | 24157 ||| READING 10 scrolls of teleportation.
 24158 | Shoals:2 | 24158 ||| DRINKING 5 potions of heal wounds.
 24161 | Shoals:2 | 24161 ||| DRINKING 4 potions of heal wounds.
 24410 | Shoals:2 | 24410 ||| Stepping ~*~*~tactically~*~*~ (outnumbered).
 24412 | Shoals:2 | 24412 ||| Stepping ~*~*~tactically~*~*~ (outnumbered).
 24417 | Shoals:2 | 24417 ||| Stepping ~*~*~tactically~*~*~ (outnumbered).
 24418 | Shoals:2 | 24418 ||| Stepping ~*~*~tactically~*~*~ (outnumbered).
 24440 | Shoals:2 | 24440 ||| INVOKING Heroism.
 24532 | Shoals:2 | 24532 ||| RETREATING.
 24536 | Shoals:2 | 24536 ||| Stepping ~*~*~tactically~*~*~ (outnumbered).
 24547 | Shoals:2 | 24547 ||| Stepping ~*~*~tactically~*~*~ (outnumbered).
 24548 | Shoals:2 | 24548 ||| Stepping ~*~*~tactically~*~*~ (outnumbered).
 24550 | Shoals:2 | 24550 ||| Stepping ~*~*~tactically~*~*~ (outnumbered).
 24675 | Shoals:2 | 24675 ||| Stepping ~*~*~tactically~*~*~ (outnumbered).
 24676 | Shoals:2 | 24676 ||| Stepping ~*~*~tactically~*~*~ (outnumbered).
 24677 | Shoals:2 | 24677 ||| Stepping ~*~*~tactically~*~*~ (outnumbered).
 24759 | Shoals:2 | 24759 ||| INVOKING Heroism.
 24812 | Shoals:2 | 24812 ||| Stepping ~*~*~tactically~*~*~ (outnumbered).
 24814 | Shoals:2 | 24814 ||| INVOKING Heroism.
 24847 | Shoals:2 | 24847 ||| Stepping ~*~*~tactically~*~*~ (outnumbered).
 24849 | Shoals:2 | 24849 ||| Stepping ~*~*~tactically~*~*~ (outnumbered).
 24851 | Shoals:2 | 24851 ||| FLEEEEING.
 24857 | Shoals:2 | 24857 ||| FLEEEEING.
 24858 | Shoals:2 | 24858 ||| FLEEEEING.
 24863 | Shoals:2 | 24863 ||| INVOKING Heroism.
 24867 | Shoals:2 | 24867 ||| Stepping ~*~*~tactically~*~*~ (outnumbered).
 24871 | Shoals:2 | 24871 ||| Stepping ~*~*~tactically~*~*~ (retreating).
 24872 | Shoals:2 | 24872 ||| Stepping ~*~*~tactically~*~*~ (retreating).
 24873 | Shoals:2 | 24873 ||| Stepping ~*~*~tactically~*~*~ (retreating).
 24877 | Shoals:2 | 24877 ||| Stepping ~*~*~tactically~*~*~ (outnumbered).
 24879 | Shoals:2 | 24879 ||| Stepping ~*~*~tactically~*~*~ (retreating).
 24880 | Shoals:2 | 24880 ||| Stepping ~*~*~tactically~*~*~ (retreating).
 24883 | Shoals:2 | 24883 ||| Stepping ~*~*~tactically~*~*~ (outnumbered).
 24884 | Shoals:2 | 24884 ||| Stepping ~*~*~tactically~*~*~ (retreating).
 24888 | Shoals:2 | 24888 ||| Stepping ~*~*~tactically~*~*~ (outnumbered).
 24889 | Shoals:2 | 24889 ||| Stepping ~*~*~tactically~*~*~ (retreating).
 24891 | Shoals:2 | HP: 27/119 [merfolk javelineer/+2 heavy spear (12)]
 24892 | Shoals:2 | 24892 ||| READING 9 scrolls of teleportation.
 24893 | Shoals:2 | 24893 ||| DRINKING 3 potions of heal wounds.
 24894 | Shoals:2 | 24894 ||| Stepping ~*~*~tactically~*~*~ (outnumbered).
 24897 | Shoals:2 | 24897 ||| RETREATING.
 24902 | Shoals:2 | 24902 ||| Stepping ~*~*~tactically~*~*~ (outnumbered).
 24904 | Shoals:2 | 24904 ||| FLEEEEING.
 24905 | Shoals:2 | 24905 ||| FLEEEEING.
 24906 | Shoals:2 | 24906 ||| FLEEEEING.
 24907 | Shoals:2 | 24907 ||| INVOKING Heroism.
 24924 | Shoals:2 | 24924 ||| FLEEEEING.
 24925 | Shoals:2 | 24925 ||| FLEEEEING.
 24926 | Shoals:2 | 24926 ||| FLEEEEING.
 24932 | Shoals:2 | 24932 ||| FLEEEEING.
 24933 | Shoals:2 | 24933 ||| FLEEEEING.
 24934 | Shoals:2 | 24934 ||| FLEEEEING.
 24935 | Shoals:2 | 24935 ||| FLEEEEING.
 24936 | Shoals:2 | 24936 ||| FLEEEEING.
 24937 | Shoals:2 | 24937 ||| FLEEEEING.
 24938 | Shoals:2 | 24938 ||| FLEEEEING.
 24939 | Shoals:2 | 24939 ||| FLEEEEING.
 24940 | Shoals:2 | 24940 ||| FLEEEEING.
 24941 | Shoals:2 | 24941 ||| FLEEEEING.
 25186 | Shoals:2 | 25186 ||| INVOKING Heroism.
 25193 | Shoals:2 | 25193 ||| Stepping ~*~*~tactically~*~*~ (outnumbered).
 25198 | Shoals:2 | 25198 ||| Stepping ~*~*~tactically~*~*~ (outnumbered).
 25204 | Shoals:2 | Reached XP level 18. HP: 124/124 MP: 25/25
 25326 | Shoals:2 | 25326 ||| INVOKING Heroism.
 25330 | Shoals:2 | Reached skill level 15 in Armour
 25543 | Shoals:2 | Identified the +0 scale mail of Wimoh {Rampage Str-5 SInv
                  | Stlth+}
 25865 | Shoals:3 | 25865 ||| READING scroll of acquirement.
 25865 | Shoals:3 | 25865 ||| ACQUIRING +2 triple crossbow of freezing
 25865 | Shoals:3 | Acquired a +2 triple crossbow of freezing
 25867 | Shoals:3 | 25867 ||| SWAPPING to +2 triple crossbow of freezing.
 25868 | Shoals:3 | 25868 ||| DROPPING +9 longbow of flaming.
 25869 | Shoals:3 | 25869 ||| READING scroll of enchant weapon.
 25869 | Shoals:3 | 25869 ||| ENCHANTING +2 triple crossbow of freezing.
 25891 | Shoals:3 | 25891 ||| INVOKING Heroism.
 25895 | Shoals:3 | 25895 ||| Stepping ~*~*~tactically~*~*~ (outnumbered).
 26026 | Shoals:3 | 26026 ||| Stepping ~*~*~tactically~*~*~ (outnumbered).
 26028 | Shoals:3 | 26028 ||| INVOKING Heroism.
 26029 | Shoals:3 | 26029 ||| INVOKING Finesse.
 26210 | Shoals:3 | 26210 ||| Stepping ~*~*~tactically~*~*~ (outnumbered).
 26212 | Shoals:3 | 26212 ||| Stepping ~*~*~tactically~*~*~ (outnumbered).
 26275 | Shoals:3 | 26275 ||| INVOKING Heroism.
 26276 | Shoals:3 | 26276 ||| INVOKING Finesse.
 26277 | Shoals:3 | 26277 ||| Stepping ~*~*~tactically~*~*~ (outnumbered).
 26314 | Shoals:3 | 26314 ||| INVOKING Heroism.
 26347 | Shoals:3 | 26347 ||| READING scroll of enchant armour.
 26347 | Shoals:3 | 26347 ||| ENCHANTING +1 cloak of poison resistance.
 26364 | Shoals:3 | Noticed Ilsuiw
 26365 | Shoals:3 | 26365 ||| Stepping ~*~*~tactically~*~*~ (outnumbered).
 26369 | Shoals:3 | 26369 ||| RETREATING.
 26381 | Shoals:3 | 26381 ||| INVOKING Heroism.
 26388 | Shoals:3 | 26388 ||| Stepping ~*~*~tactically~*~*~ (outnumbered).
 26389 | Shoals:3 | 26389 ||| Stepping ~*~*~tactically~*~*~ (outnumbered).
 26392 | Shoals:3 | 26392 ||| Stepping ~*~*~tactically~*~*~ (outnumbered).
 26393 | Shoals:3 | 26393 ||| Stepping ~*~*~tactically~*~*~ (outnumbered).
 26395 | Shoals:3 | 26395 ||| Stepping ~*~*~tactically~*~*~ (outnumbered).
 26417 | Shoals:3 | 26417 ||| INVOKING Heroism.
 26427 | Shoals:3 | HP: 29/124 [centaur warrior/arrow (6)]
 26428 | Shoals:3 | 26428 ||| READING 9 scrolls of teleportation.
 26429 | Shoals:3 | 26429 ||| DRINKING 3 potions of heal wounds.
 26430 | Shoals:3 | HP: 8/124 [water elemental[Ilsuiw] (13)]
 26430 | Shoals:3 | HP: 1/124 [satyr/arrow (7)]
 26431 | Shoals:3 | 26431 ||| DRINKING 2 potions of heal wounds.
 26432 | Shoals:3 | 26432 ||| DRINKING potion of heal wounds.
 26950 | Shoals:3 | 26950 ||| RETREATING.
 26952 | Shoals:3 | 26952 ||| Stepping ~*~*~tactically~*~*~ (outnumbered).
 26953 | Shoals:3 | 26953 ||| Stepping ~*~*~tactically~*~*~ (outnumbered).
 26954 | Shoals:3 | 26954 ||| Stepping ~*~*~tactically~*~*~ (outnumbered).
 26955 | Shoals:3 | 26955 ||| INVOKING Heroism.
 26956 | Shoals:3 | 26956 ||| RETREATING.
 26988 | Shoals:3 | Killed Ilsuiw
 27285 | Shoals:3 | 27285 ||| INVOKING Heroism.
 27522 | Shoals:3 | 27522 ||| PLANNING SPIDER:1-3
 27522 | Shoals:3 | 27522 ||| DROPPING +1 leather armour of willpower.
 27523 | Shoals:3 | 27523 ||| DROPPING +0 leather armour of positive energy.
 27565 | Shoals:2 | 27565 ||| INVOKING Heroism.
 27579 | Shoals:2 | Reached skill level 21 in Ranged Weapons
 27758 | Shoals:2 | 27758 ||| PLANNING SHOALS:1-3
 27758 | Shoals:2 | 27758 ||| PLANNING SPIDER:1-3
 27859 | Spider:1 | Entered Level 1 of the Spider Nest
 27968 | Spider:1 | 27968 ||| INVOKING Finesse.
 28184 | Spider:1 | 28184 ||| Stepping ~*~*~tactically~*~*~ (outnumbered).
 28185 | Spider:1 | 28185 ||| INVOKING Heroism.
 28197 | Spider:1 | HP: 30/124 [killer bee (5)]
 28198 | Spider:1 | 28198 ||| READING 8 scrolls of teleportation.
 28199 | Spider:1 | 28199 ||| DRINKING potion of heal wounds.
 28434 | Spider:1 | 28434 ||| INVOKING Heroism.
 28438 | Spider:1 | 28438 ||| Stepping ~*~*~tactically~*~*~ (retreating).
 28442 | Spider:1 | 28442 ||| Stepping ~*~*~tactically~*~*~ (retreating).
 28443 | Spider:1 | 28443 ||| Stepping ~*~*~tactically~*~*~ (retreating).
 28444 | Spider:1 | 28444 ||| Stepping ~*~*~tactically~*~*~ (retreating).
 28445 | Spider:1 | 28445 ||| Stepping ~*~*~tactically~*~*~ (retreating).
 28446 | Spider:1 | 28446 ||| Stepping ~*~*~tactically~*~*~ (retreating).
 28447 | Spider:1 | 28447 ||| Stepping ~*~*~tactically~*~*~ (retreating).
 28448 | Spider:1 | 28448 ||| Stepping ~*~*~tactically~*~*~ (retreating).
 28464 | Spider:1 | HP: 27/124 [meliai/divine providence (10)]
 28465 | Spider:1 | 28465 ||| READING 7 scrolls of teleportation.
 28469 | Spider:1 | 28469 ||| READING 6 scrolls of teleportation.
 28470 | Spider:1 | HP: 14/124 [killer bee (3)]
 28532 | Spider:1 | 28532 ||| INVOKING Heroism.
 29168 | Spider:1 | 29168 ||| INVOKING Heroism.
 29303 | Spider:2 | 29303 ||| INVOKING Heroism.
 29328 | Spider:2 | 29328 ||| RETREATING.
 29330 | Spider:2 | 29330 ||| Stepping ~*~*~tactically~*~*~ (retreating).
 29331 | Spider:2 | 29331 ||| Stepping ~*~*~tactically~*~*~ (retreating).
 29332 | Spider:2 | 29332 ||| Stepping ~*~*~tactically~*~*~ (retreating).
 29333 | Spider:2 | 29333 ||| Stepping ~*~*~tactically~*~*~ (retreating).
 29334 | Spider:2 | 29334 ||| Stepping ~*~*~tactically~*~*~ (retreating).
 29335 | Spider:2 | 29335 ||| Stepping ~*~*~tactically~*~*~ (retreating).
 29382 | Spider:2 | 29382 ||| Stepping ~*~*~tactically~*~*~ (retreating).
 29383 | Spider:2 | 29383 ||| INVOKING Heroism.
 29386 | Spider:2 | 29386 ||| Stepping ~*~*~tactically~*~*~ (retreating).
 29387 | Spider:2 | 29387 ||| Stepping ~*~*~tactically~*~*~ (retreating).
 29388 | Spider:2 | 29388 ||| Stepping ~*~*~tactically~*~*~ (retreating).
 29389 | Spider:2 | 29389 ||| Stepping ~*~*~tactically~*~*~ (retreating).
 29756 | Spider:2 | Identified the +1 battleaxe "Beetlebane" {venom, Dex+3}
 29985 | Spider:2 | 29985 ||| INVOKING Finesse.
 29988 | Spider:2 | Reached skill level 22 in Ranged Weapons
 30013 | Spider:2 | 30013 ||| INVOKING Heroism.
 30017 | Spider:2 | Reached skill level 18 in Fighting
 30270 | Spider:2 | 30270 ||| READING scroll of acquirement.
 30270 | Spider:2 | 30270 ||| ACQUIRING +4 triple crossbow of Ignis's Grace
                  | {heavy, Str+7 Dex+3}
 30270 | Spider:2 | Acquired the +4 triple crossbow of Ignis's Grace {heavy,
                  | Str+7 Dex+3}
 30272 | Spider:2 | 30272 ||| SWAPPING to +4 triple crossbow of Ignis's Grace
                  | {heavy, Str+7 Dex+3}.
 30273 | Spider:2 | 30273 ||| DROPPING +3 triple crossbow of freezing.
 30287 | Spider:2 | Noticed Roxanne
 30288 | Spider:2 | 30288 ||| INVOKING Heroism.
 30293 | Spider:2 | Killed Roxanne
 30438 | Spider:2 | 30438 ||| Stepping ~*~*~tactically~*~*~ (retreating).
 30439 | Spider:2 | 30439 ||| Stepping ~*~*~tactically~*~*~ (retreating).
 30440 | Spider:2 | 30440 ||| INVOKING Heroism.
 30576 | Spider:2 | 30576 ||| INVOKING Heroism.
 30580 | Spider:2 | Reached XP level 19. HP: 130/130 MP: 24/26
 30730 | Spider:2 | 30730 ||| READING 14 scrolls of identify.
 30730 | Spider:2 | 30730 ||| IDENTIFYING emerald potion
 30731 | Spider:2 | 30731 ||| DROPPING potion of berserk rage.
 30746 | Spider:3 | 30746 ||| Stepping ~*~*~tactically~*~*~ (retreating).
 30747 | Spider:3 | 30747 ||| Stepping ~*~*~tactically~*~*~ (retreating).
 30748 | Spider:3 | 30748 ||| Stepping ~*~*~tactically~*~*~ (retreating).
 30749 | Spider:3 | 30749 ||| Stepping ~*~*~tactically~*~*~ (retreating).
 30750 | Spider:3 | 30750 ||| Stepping ~*~*~tactically~*~*~ (retreating).
 30751 | Spider:3 | 30751 ||| Stepping ~*~*~tactically~*~*~ (retreating).
 30758 | Spider:3 | 30758 ||| INVOKING Heroism.
 30761 | Spider:3 | Noticed Arachne
 30771 | Spider:3 | Killed Arachne
 30807 | Spider:3 | 30807 ||| INVOKING Heroism.
 30845 | Spider:3 | 30845 ||| INVOKING Heroism.
 30994 | Spider:3 | 30994 ||| RETREATING.
 31068 | Spider:3 | 31068 ||| RETREATING.
 31162 | Spider:3 | 31162 ||| Stepping ~*~*~tactically~*~*~ (outnumbered).
 31164 | Spider:3 | 31164 ||| Stepping ~*~*~tactically~*~*~ (outnumbered).
 31167 | Spider:3 | 31167 ||| INVOKING Heroism.
 31240 | Spider:3 | 31240 ||| INVOKING Finesse.
 31242 | Spider:3 | 31242 ||| RETREATING.
 31349 | Spider:3 | 31349 ||| INVOKING Heroism.
 31354 | Spider:3 | 31354 ||| INVOKING Finesse.
 31502 | Spider:3 | 31502 ||| PLANNING SHOALS:4
 31502 | Spider:3 | 31502 ||| DROPPING +2 hat.
 31503 | Spider:3 | 31503 ||| DROPPING +2 pair of boots.
 31698 | Shoals:4 | Entered Level 4 of the Shoals
 31720 | Shoals:4 | 31720 ||| Stepping ~*~*~tactically~*~*~ (outnumbered).
 31721 | Shoals:4 | 31721 ||| Stepping ~*~*~tactically~*~*~ (retreating).
 31807 | Shoals:4 | 31807 ||| INVOKING Heroism.
 31809 | Shoals:4 | 31809 ||| RETREATING.
 31813 | Shoals:4 | Reached skill level 12 in Dodging
 31861 | Shoals:4 | 31861 ||| INVOKING Heroism.
 31995 | Shoals:4 | Identified the staff of Blood {rF+ rC- rCorr Str+8 Dex-3
                  | Fire}
 32007 | Shoals:4 | 32007 ||| INVOKING Heroism.
 32011 | Shoals:4 | 32011 ||| RETREATING.
 32012 | Shoals:4 | 32012 ||| Stepping ~*~*~tactically~*~*~ (retreating).
 32014 | Shoals:4 | 32014 ||| Stepping ~*~*~tactically~*~*~ (retreating).
 32015 | Shoals:4 | 32015 ||| Stepping ~*~*~tactically~*~*~ (retreating).
 32017 | Shoals:4 | 32017 ||| Stepping ~*~*~tactically~*~*~ (retreating).
 32018 | Shoals:4 | 32018 ||| Stepping ~*~*~tactically~*~*~ (retreating).
 32089 | Shoals:4 | Identified the +6 whip of the Demagogue {heavy, rPois Int-3
                  | SInv}
 32167 | Shoals:4 | 32167 ||| Stepping ~*~*~tactically~*~*~ (outnumbered).
 32224 | Shoals:4 | 32224 ||| INVOKING Heroism.
 32309 | Shoals:4 | 32309 ||| INVOKING Heroism.
 32339 | Shoals:4 | 32339 ||| Stepping ~*~*~tactically~*~*~ (outnumbered).
 32341 | Shoals:4 | 32341 ||| RETREATING.
 32351 | Shoals:4 | 32351 ||| INVOKING Heroism.
 32365 | Shoals:4 | 32365 ||| INVOKING Heroism.
 32367 | Shoals:4 | HP: 21/130 [merfolk impaler/+0 vampiric trident (13)]
 32368 | Shoals:4 | 32368 ||| READING 8 scrolls of teleportation.
 32446 | Shoals:4 | 32446 ||| INVOKING Heroism.
 32716 | Shoals:4 | 32716 ||| INVOKING Heroism.
 32746 | Shoals:4 | Got a barnacled rune of Zot
 32853 | Shoals:4 | 32853 ||| Stepping ~*~*~tactically~*~*~ (outnumbered).
 32859 | Shoals:4 | 32859 ||| INVOKING Heroism.
 32987 | Shoals:4 | 32987 ||| RETREATING.
 33045 | Shoals:4 | Found Ishkur's Dragon-Slaying Spoils.
 33081 | Shoals:4 | 33081 ||| INVOKING Heroism.
 33112 | Shoals:4 | Identified the staff of Past Mistakes {rC+ SInv Ice}
 33281 | Shoals:4 | 33281 ||| INVOKING Heroism.
 33407 | Shoals:4 | 33407 ||| PLANNING VAULTS:1-4
 33407 | Shoals:4 | 33407 ||| DROPPING ring of resist corrosion.
 33738 | Vaults:1 | Entered Level 1 of the Vaults
 33756 | Vaults:1 | 33756 ||| RETREATING.
 33788 | Vaults:1 | 33788 ||| FLEEEEING.
 33789 | Vaults:1 | 33789 ||| FLEEEEING.
 33790 | Vaults:1 | 33790 ||| FLEEEEING.
 33795 | Vaults:1 | 33795 ||| FLEEEEING.
 33796 | Vaults:1 | 33796 ||| FLEEEEING.
 33797 | Vaults:1 | 33797 ||| FLEEEEING.
 33810 | Vaults:1 | 33810 ||| FLEEEEING.
 33819 | Vaults:1 | 33819 ||| STAIRDANCE
 34023 | Vaults:1 | 34023 ||| RETREATING.
 34026 | Vaults:1 | 34026 ||| Stepping ~*~*~tactically~*~*~ (retreating).
 34027 | Vaults:1 | 34027 ||| Stepping ~*~*~tactically~*~*~ (retreating).
 34028 | Vaults:1 | 34028 ||| Stepping ~*~*~tactically~*~*~ (retreating).
 34029 | Vaults:1 | 34029 ||| Stepping ~*~*~tactically~*~*~ (retreating).
 34108 | Vaults:1 | 34108 ||| RETREATING.
 34110 | Vaults:1 | 34110 ||| Stepping ~*~*~tactically~*~*~ (retreating).
 34189 | Vaults:1 | 34189 ||| RETREATING.
 34295 | Vaults:1 | 34295 ||| RETREATING.
 34305 | Vaults:1 | Received a gift from Okawaru
 34307 | Vaults:1 | 34307 ||| Stepping ~*~*~tactically~*~*~ (outnumbered).
 34308 | Vaults:1 | 34308 ||| Stepping ~*~*~tactically~*~*~ (retreating).
 34309 | Vaults:1 | 34309 ||| Stepping ~*~*~tactically~*~*~ (retreating).
 34310 | Vaults:1 | 34310 ||| Stepping ~*~*~tactically~*~*~ (retreating).
 34311 | Vaults:1 | 34311 ||| Stepping ~*~*~tactically~*~*~ (retreating).
 34312 | Vaults:1 | 34312 ||| Stepping ~*~*~tactically~*~*~ (retreating).
 34313 | Vaults:1 | 34313 ||| Stepping ~*~*~tactically~*~*~ (retreating).
 34316 | Vaults:1 | 34316 ||| FLEEEEING.
 34318 | Vaults:1 | 34318 ||| FLEEEEING.
 34319 | Vaults:1 | 34319 ||| RETREATING.
 34320 | Vaults:1 | 34320 ||| FLEEEEING.
 34322 | Vaults:1 | 34322 ||| Stepping ~*~*~tactically~*~*~ (retreating).
 34323 | Vaults:1 | 34323 ||| Stepping ~*~*~tactically~*~*~ (retreating).
 34324 | Vaults:1 | 34324 ||| Stepping ~*~*~tactically~*~*~ (retreating).
 34325 | Vaults:1 | 34325 ||| Stepping ~*~*~tactically~*~*~ (retreating).
 34326 | Vaults:1 | 34326 ||| INVOKING Heroism.
 34340 | Vaults:1 | Reached XP level 20. HP: 80/139 MP: 27/27
 34366 | Vaults:1 | 34366 ||| INVOKING Heroism.
 34385 | Vaults:1 | 34385 ||| FLEEEEING.
 34386 | Vaults:1 | 34386 ||| FLEEEEING.
 34387 | Vaults:1 | 34387 ||| FLEEEEING.
 34388 | Vaults:1 | 34388 ||| FLEEEEING.
 34389 | Vaults:1 | 34389 ||| FLEEEEING.
 34390 | Vaults:1 | 34390 ||| FLEEEEING.
 34391 | Vaults:1 | 34391 ||| FLEEEEING.
 34392 | Vaults:1 | 34392 ||| FLEEEEING.
 34393 | Vaults:1 | 34393 ||| FLEEEEING.
 34395 | Vaults:1 | 34395 ||| FLEEEEING.
 34396 | Vaults:1 | 34396 ||| FLEEEEING.
 34397 | Vaults:1 | 34397 ||| FLEEEEING.
 34398 | Vaults:1 | 34398 ||| FLEEEEING.
 34399 | Vaults:1 | 34399 ||| FLEEEEING.
 34400 | Vaults:1 | 34400 ||| FLEEEEING.
 34401 | Vaults:1 | 34401 ||| FLEEEEING.
 34402 | Vaults:1 | 34402 ||| FLEEEEING.
 34403 | Vaults:1 | 34403 ||| FLEEEEING.
 34404 | Vaults:1 | 34404 ||| FLEEEEING.
 34405 | Vaults:1 | 34405 ||| FLEEEEING.
 34406 | Vaults:1 | 34406 ||| FLEEEEING.
 34407 | Vaults:1 | 34407 ||| FLEEEEING.
 34408 | Vaults:1 | 34408 ||| FLEEEEING.
 34409 | Vaults:1 | 34409 ||| FLEEEEING.
 34410 | Vaults:1 | 34410 ||| FLEEEEING.
 34411 | Vaults:1 | 34411 ||| FLEEEEING.
 34412 | Vaults:1 | 34412 ||| FLEEEEING.
 34413 | Vaults:1 | 34413 ||| FLEEEEING.
 34414 | Vaults:1 | 34414 ||| FLEEEEING.
 34415 | Vaults:1 | 34415 ||| FLEEEEING.
 34418 | Vaults:1 | 34418 ||| FLEEEEING.
 34419 | Vaults:1 | 34419 ||| FLEEEEING.
 34420 | Vaults:1 | 34420 ||| FLEEEEING.
 34421 | Vaults:1 | 34421 ||| FLEEEEING.
 34422 | Vaults:1 | 34422 ||| FLEEEEING.
 34423 | Vaults:1 | 34423 ||| FLEEEEING.
 34424 | Vaults:1 | 34424 ||| FLEEEEING.
 34425 | Vaults:1 | 34425 ||| FLEEEEING.
 34426 | Vaults:1 | 34426 ||| FLEEEEING.
 34427 | Vaults:1 | 34427 ||| FLEEEEING.
 34428 | Vaults:1 | 34428 ||| STAIRDANCE
 34492 | Vaults:1 | 34492 ||| FLEEEEING.
 34493 | Vaults:1 | 34493 ||| FLEEEEING.
 34494 | Vaults:1 | 34494 ||| STAIRDANCE
 34655 | Vaults:1 | 34655 ||| INVOKING Heroism.
 34657 | Vaults:1 | 34657 ||| Stepping ~*~*~tactically~*~*~ (retreating).
 35014 | Vaults:1 | 35014 ||| Stepping ~*~*~tactically~*~*~ (retreating).
 35015 | Vaults:1 | 35015 ||| Stepping ~*~*~tactically~*~*~ (retreating).
 35016 | Vaults:1 | 35016 ||| Stepping ~*~*~tactically~*~*~ (retreating).
 35017 | Vaults:1 | 35017 ||| Stepping ~*~*~tactically~*~*~ (retreating).
 35018 | Vaults:1 | 35018 ||| RETREATING.
 35019 | Vaults:1 | 35019 ||| Stepping ~*~*~tactically~*~*~ (retreating).
 35022 | Vaults:1 | 35022 ||| Stepping ~*~*~tactically~*~*~ (outnumbered).
 35130 | Vaults:1 | Noticed Zenata
 35131 | Vaults:1 | 35131 ||| INVOKING Heroism.
 35132 | Vaults:1 | 35132 ||| INVOKING Finesse.
 35136 | Vaults:1 | 35136 ||| RETREATING.
 35137 | Vaults:1 | 35137 ||| Stepping ~*~*~tactically~*~*~ (retreating).
 35145 | Vaults:1 | Killed Zenata
 35481 | Vaults:2 | 35481 ||| STAIRDANCE
 35488 | Vaults:2 | 35488 ||| STAIRDANCE
 35500 | Vaults:2 | 35500 ||| STAIRDANCE
 35632 | Vaults:2 | 35632 ||| Stepping ~*~*~tactically~*~*~ (outnumbered).
 35636 | Vaults:2 | 35636 ||| Stepping ~*~*~tactically~*~*~ (outnumbered).
 35647 | Vaults:2 | Identified the +4 arbalest "Dukhi" {flame, *Slow Str+4
                  | Int+6} (Okawaru gifted it to you on level 2 of the Vaults)
 35647 | Vaults:2 | Received a gift from Okawaru
 35759 | Vaults:2 | 35759 ||| Stepping ~*~*~tactically~*~*~ (retreating).
 35760 | Vaults:2 | 35760 ||| RETREATING.
 35777 | Vaults:2 | 35777 ||| INVOKING Heroism.
 35995 | Vaults:2 | Found Dauzan's Magic Scroll Boutique.
 36003 | Vaults:2 | 36003 ||| BUYING scroll of acquirement (676 gold).
 36003 | Vaults:2 | Bought a scroll of acquirement for 676 gold pieces
 36003 | Vaults:2 | 36003 ||| BUYING scroll of teleportation (39 gold).
 36003 | Vaults:2 | Bought a scroll of teleportation for 39 gold pieces
 36003 | Vaults:2 | 36003 ||| BUYING scroll of teleportation (39 gold).
 36003 | Vaults:2 | Bought a scroll of teleportation for 39 gold pieces
 36003 | Vaults:2 | 36003 ||| READING scroll of acquirement.
 36003 | Vaults:2 | 36003 ||| ACQUIRING ring of Luen {rElec rN+ Will+ Str-4
                  | Stlth+}
 36003 | Vaults:2 | Acquired the ring of Luen {rElec rN+ Will+ Str-4 Stlth+}
 36057 | Vaults:2 | 36057 ||| Stepping ~*~*~tactically~*~*~ (outnumbered).
 36060 | Vaults:2 | 36060 ||| Stepping ~*~*~tactically~*~*~ (retreating).
 36061 | Vaults:2 | 36061 ||| Stepping ~*~*~tactically~*~*~ (retreating).
 36063 | Vaults:2 | 36063 ||| Stepping ~*~*~tactically~*~*~ (retreating).
 36064 | Vaults:2 | 36064 ||| RETREATING.
 36065 | Vaults:2 | 36065 ||| Stepping ~*~*~tactically~*~*~ (retreating).
 36066 | Vaults:2 | 36066 ||| Stepping ~*~*~tactically~*~*~ (outnumbered).
 36067 | Vaults:2 | 36067 ||| Stepping ~*~*~tactically~*~*~ (outnumbered).
 36229 | Vaults:2 | 36229 ||| RETREATING.
 36293 | Vaults:2 | 36293 ||| RETREATING.
 36302 | Vaults:2 | 36302 ||| INVOKING Heroism.
 36455 | Vaults:2 | 36455 ||| RETREATING.
 36502 | Vaults:2 | 36502 ||| Stepping ~*~*~tactically~*~*~ (outnumbered).
 36537 | Vaults:2 | 36537 ||| INVOKING Finesse.
 36541 | Vaults:2 | 36541 ||| RETREATING.
 36546 | Vaults:2 | 36546 ||| Stepping ~*~*~tactically~*~*~ (retreating).
 36547 | Vaults:2 | 36547 ||| Stepping ~*~*~tactically~*~*~ (retreating).
 36548 | Vaults:2 | 36548 ||| Stepping ~*~*~tactically~*~*~ (retreating).
 36549 | Vaults:2 | 36549 ||| Stepping ~*~*~tactically~*~*~ (retreating).
 36550 | Vaults:2 | 36550 ||| Stepping ~*~*~tactically~*~*~ (retreating).
 36551 | Vaults:2 | 36551 ||| Stepping ~*~*~tactically~*~*~ (retreating).
 36567 | Vaults:2 | Received a gift from Okawaru
 36686 | Vaults:2 | 36686 ||| RETREATING.
 36690 | Vaults:2 | Reached skill level 18 in Armour
 36909 | Vaults:2 | 36909 ||| DROPPING +4 triple crossbow of flaming.
 37093 | Vaults:3 | 37093 ||| RETREATING.
 37200 | Vaults:3 | Found a staircase to the Crypt.
 37200 | Vaults:3 | Found an ancient bone altar of Kikubaaqudgha.
 37200 | Vaults:3 | Found a basalt altar of Yredelemnul.
 37252 | Vaults:3 | 37252 ||| RETREATING.
 37257 | Vaults:3 | 37257 ||| Stepping ~*~*~tactically~*~*~ (retreating).
 37258 | Vaults:3 | 37258 ||| Stepping ~*~*~tactically~*~*~ (retreating).
 37378 | Vaults:3 | 37378 ||| RETREATING.
 37386 | Vaults:3 | 37386 ||| INVOKING Heroism.
 37635 | Vaults:3 | 37635 ||| FLEEEEING.
 37636 | Vaults:3 | 37636 ||| FLEEEEING.
 37640 | Vaults:3 | 37640 ||| FLEEEEING.
 37643 | Vaults:3 | 37643 ||| FLEEEEING.
 37644 | Vaults:3 | 37644 ||| FLEEEEING.
 37645 | Vaults:3 | 37645 ||| FLEEEEING.
 37646 | Vaults:3 | 37646 ||| FLEEEEING.
 37647 | Vaults:3 | 37647 ||| FLEEEEING.
 37648 | Vaults:3 | 37648 ||| FLEEEEING.
 37649 | Vaults:3 | 37649 ||| FLEEEEING.
 37650 | Vaults:3 | 37650 ||| FLEEEEING.
 37651 | Vaults:3 | 37651 ||| FLEEEEING.
 37656 | Vaults:3 | 37656 ||| FLEEEEING.
 37657 | Vaults:3 | 37657 ||| FLEEEEING.
 37658 | Vaults:3 | 37658 ||| FLEEEEING.
 37661 | Vaults:3 | 37661 ||| FLEEEEING.
 37662 | Vaults:3 | 37662 ||| FLEEEEING.
 37663 | Vaults:3 | 37663 ||| FLEEEEING.
 37664 | Vaults:3 | 37664 ||| FLEEEEING.
 37665 | Vaults:3 | 37665 ||| FLEEEEING.
 37666 | Vaults:3 | 37666 ||| FLEEEEING.
 37667 | Vaults:3 | 37667 ||| FLEEEEING.
 37668 | Vaults:3 | 37668 ||| FLEEEEING.
 37669 | Vaults:3 | 37669 ||| FLEEEEING.
 37670 | Vaults:3 | 37670 ||| FLEEEEING.
 37671 | Vaults:3 | 37671 ||| FLEEEEING.
 37672 | Vaults:3 | 37672 ||| FLEEEEING.
 37683 | Vaults:3 | 37683 ||| FLEEEEING.
 37684 | Vaults:3 | 37684 ||| FLEEEEING.
 37685 | Vaults:3 | 37685 ||| FLEEEEING.
 37696 | Vaults:3 | 37696 ||| FLEEEEING.
 37697 | Vaults:3 | 37697 ||| FLEEEEING.
 37698 | Vaults:3 | 37698 ||| FLEEEEING.
 37704 | Vaults:3 | 37704 ||| FLEEEEING.
 37705 | Vaults:3 | 37705 ||| FLEEEEING.
 37706 | Vaults:3 | 37706 ||| FLEEEEING.
 37707 | Vaults:3 | 37707 ||| FLEEEEING.
 37708 | Vaults:3 | 37708 ||| FLEEEEING.
 37709 | Vaults:3 | 37709 ||| FLEEEEING.
 37713 | Vaults:3 | 37713 ||| FLEEEEING.
 37717 | Vaults:3 | 37717 ||| FLEEEEING.
 37728 | Vaults:3 | 37728 ||| FLEEEEING.
 37729 | Vaults:3 | 37729 ||| FLEEEEING.
 37730 | Vaults:3 | 37730 ||| FLEEEEING.
 37731 | Vaults:3 | 37731 ||| FLEEEEING.
 37732 | Vaults:3 | 37732 ||| FLEEEEING.
 37733 | Vaults:3 | 37733 ||| FLEEEEING.
 37734 | Vaults:3 | 37734 ||| STAIRDANCE
 37884 | Vaults:3 | Received a gift from Okawaru
 37974 | Vaults:3 | Reached XP level 21. HP: 146/146 MP: 28/28
 37979 | Vaults:3 | 37979 ||| Stepping ~*~*~tactically~*~*~ (outnumbered).
 38118 | Vaults:3 | Identified the +5 scimitar of Nuriekant {heavy, *Corrode
                  | Int+7 Dex-3 Stlth+}
 38143 | Vaults:3 | Noticed Frederick
 38144 | Vaults:3 | 38144 ||| INVOKING Heroism.
 38145 | Vaults:3 | 38145 ||| INVOKING Finesse.
 38148 | Vaults:3 | 38148 ||| Stepping ~*~*~tactically~*~*~ (outnumbered).
 38150 | Vaults:3 | Killed Frederick
 38245 | Vaults:3 | Identified the +3 long sword of the Warrior {spect, Fragile
                  | rElec rC+ rCorr}
 38301 | Vaults:3 | 38301 ||| Stepping ~*~*~tactically~*~*~ (retreating).
 38302 | Vaults:3 | 38302 ||| RETREATING.
 38329 | Vaults:3 | 38329 ||| Stepping ~*~*~tactically~*~*~ (retreating).
 38346 | Vaults:3 | 38346 ||| INVOKING Heroism.
 38522 | Vaults:3 | 38522 ||| RETREATING.
 38528 | Vaults:3 | 38528 ||| FLEEEEING.
 38529 | Vaults:3 | 38529 ||| Stepping ~*~*~tactically~*~*~ (retreating).
 38542 | Vaults:3 | Received a gift from Okawaru
 38854 | Vaults:4 | 38854 ||| RETREATING.
 38858 | Vaults:4 | 38858 ||| RETREATING.
 38860 | Vaults:4 | 38860 ||| Stepping ~*~*~tactically~*~*~ (retreating).
 38870 | Vaults:4 | 38870 ||| Stepping ~*~*~tactically~*~*~ (retreating).
 38981 | Vaults:4 | Reached skill level 21 in Fighting
 39113 | Vaults:4 | Noticed Jory
 39114 | Vaults:4 | 39114 ||| RETREATING.
 39119 | Vaults:4 | 39119 ||| FLEEEEING.
 39125 | Vaults:4 | 39125 ||| INVOKING Heroism.
 39129 | Vaults:4 | HP: 9/148 [Jory/+1 great sword of electrocution (47)]
 39129 | Vaults:4 | Mangled by Jory

Levels and vault maps discovered:
D:1:      matt_arrival_refuge, layout_rooms
D:2:      layout_basic, minmay_diced_spiral
D:3:      layout_basic, serial_rivers, chequers_serial_rivers_large_a,
          chequers_serial_rivers_small_3, chequers_serial_rivers_large_b,
          chequers_serial_rivers_micro_d, ebering_ecumenical_altar_rust,
          uniq_natasha, uniq_grinder
D:4:      old_forge, layout_layer_cave, jmf_multi_god_temple2,
          minmay_misc_feat_cross, fountainhead, kennysheep_generic_room_5
D:5:      layout_basic, minmay_temple_entry_slanted
D:6:      layout_basic, gammafunk_temple_overflow_pools, portal_sewer_entry_f,
          serial_shops, nicolae_shop_trees, nicolae_shop_dealshenge,
          kennysheep_little_box, nicolae_shop_trees,
          nicolae_twisty_statue_hallways
D:7:      layout_loops_ring, nicolae_dithmenos_shadow_blocks, minmay_liquid_box
D:8:      layout_rooms, minmay_evil_grid
D:9:      layout_basic, erik_lair_orcish_takeover, special_room
          [special_room_orc]
D:10:     kennysheep_blocky_room, layout_stronghold, nicolae_rejected_hall
D:11:     layout_cave_pools, serial_park, serial_park_square3
          [serial_park_minivault_5x5_5], serial_park_fountain,
          serial_park_tiny_pond, serial_park_tiny_2, uniq_urug
D:12:     kennysheep_green_arena, layout_basic, portal_ice_cave_entry_imps,
          gammafunk_ghost_fury_of_okawaru, nrook_mini_backslash
D:13:     layout_roguey
D:14:     layout_roguey, grunt_vaults_entry_tiered,
          nicolae_trove_entry_free_sample, serial_demonic, serial_demonic_g,
          serial_demonic_f, serial_demonic_d, serial_demonic_b,
          serial_demonic_a, serial_demonic_f, serial_demonic_c,
          serial_demonic_g, serial_demonic_g, serial_demonic_e
D:15:     grunt_enter_depths_magical_seal, layout_loops_ring, serial_shops,
          nicolae_shop_tiny_glass, small_statue_intersection
Temple:   hellmonk_temple_divided_pantheon
Lair:1:   layout_gridlike, nicolae_lair_lil_pond
Lair:2:   layout_loops_ring, minmay_shoals_entry_hut, dummy_spider_entry,
          grunt_megastairs_4
Lair:3:   nzn_winding_woodlands_stair_cross [nzn_winding_woodlands_5x15_pockets,
          nzn_winding_woodlands_center_pierced_h,
          nzn_winding_woodlands_5x15_sawtooth,
          nzn_winding_woodlands_5x5_closed_star,
          nzn_winding_woodlands_5x5_default, nzn_winding_woodlands_5x15_cabin,
          nzn_winding_woodlands_center_garden,
          nzn_winding_woodlands_5x15_longhouse], layout_long_grid,
          chequers_serial_rivers_micro_e, nicolae_lair_grazing_beasts
          [nicolae_sub_lair_graze_edge, nicolae_sub_lair_graze_edge,
          nicolae_sub_lair_graze_edge, nicolae_sub_lair_graze_edge]
Lair:4:   layout_roguey, slime_entry_2, basic_altar, uniq_nessos
Lair:5:   guppyfry_lair_end_dragon, layout_gridlike,
          hangedman_lair_caniforms_friends, gammafunk_ghost_grave, uniq_sonja
Shoals:1: layout_shoals
Shoals:2: cheibrodos_shoals_baths, layout_shoals, nicolae_shoals_kraken_party
Shoals:3: layout_shoals, hangedman_shoals_cup_caves, uniq_ilsuiw
Shoals:4: shoals_end_simple, layout_shoals, nicolae_shop_dragon_depot
Spider:1: layout_spider_delve, special_room [special_room_bee],
          nicolae_spider_some_kinda_spiderbox
Spider:2: layout_chambers, nicolae_spider_cling_halls, uniq_roxanne
Spider:3: layout_spider_delve, drop_trap, uniq_arachne
Orc:1:    layout_caves, kennysheep_orc_sif_temple
Orc:2:    st_orc_elflike, layout_caves, serial_shops, nicolae_square_shop,
          nicolae_shop_waterfront, nicolae_shop_tiny_glass,
          nicolae_shop_hallway_plus, shop
Vaults:1: nicolae_vaults_swerve, v_misc_1, ontoclasm_vaults_fault,
          nicolae_vaults_weapon_check, hangedman_vaults_stagger,
          vaults_dpeg_encased_lava, grunt_vaults_swirl,
          vaults_dpeg_emergency_exit, v_misc_17, nicolae_vaults_tetromino_L_2,
          vaults_dpeg_ring, layout_vaults_big_room, uniq_zenata
Vaults:2: hangedman_vaults_locks, nicolae_vaults_mini_display_case,
          nicolae_vaults_spaceships, nicolae_vaults_offset_grid_hallway_1,
          v_alt_pattern_1, vaults_room_hallway,
          nicolae_vaults_door_testing_chamber, nicolae_vaults_ring_of_whatevers,
          nicolae_vaults_offset_grid_hallway_4,
          vaults_mumra_minichess_inversion, nicolae_vaults_storage_room_doors,
          layout_vaults_maze_bifur, serial_shops, nicolae_shop_hallway_stairs
Vaults:3: minmay_crypt_entry_necro_gods, nicolae_vaults_two_Ls,
          vaults_room_semicircle, v_misc_4, v_misc_5,
          nicolae_vaults_closet_pinwheel_5, v_misc_28,
          nicolae_vaults_ring_of_whatevers, nicolae_vaults_big_angled_halls,
          nicolae_vaults_ellipses_ellipsis, grunt_vaults_diagonal,
          nicolae_vaults_double_plus_2, layout_vaults_omnibox, uniq_frederick
Vaults:4: v_rooms_6, nicolae_vaults_little_squares_4, vaults_mumra_chevron_long,
          hangedman_vaults_capsules, nicolae_vaults_rhombus_7, v_misc_30,
          nicolae_vaults_asterisk, nicolae_vaults_what_the_h,
          nicolae_vaults_lightning_bolt, nicolae_vaults_alarming,
          nicolae_vaults_sesquioval_fish, layout_vaults_omnigrid, uniq_norris,
          uniq_jory

Skill      XL: |  1  2  3  4  5  6  7  8  9 10 11 12 13 14 15 16 17 18 19 20 21 |
---------------+----------------------------------------------------------------+-----
Ranged Weapons | 5 7 8 10 11 13 14 15 18 19 20 22 | 22.0
Armour         | 1 3 4 6 8 9 11 14 15 16 18 | 18.0
Fighting       | 3 4 5 6 7 9 10 11 13 14 16 17 18 19 20 21 | 21.0
Dodging        | 2 3 4 5 6 8 10 12 13 14 | 14.2
Invocations    | 3 4 7 10 | 10.1
Stealth        | |  1.1

Action                     |  1- 3 |  4- 6 |  7- 9 | 10-12 | 13-15 | 16-18 | 19-21 || total
---------------------------+-------+-------+-------+-------+-------+-------+-------++-------
   Fire: Shortbow          |    85 |       |       |       |       |       |       ||    85
         Longbow           |    18 |    48 |   236 |   439 |  1142 |  1193 |       ||  3076
         Triple crossbow   |       |       |       |       |       |   446 |   756 ||  1202
 Invoke: Heroism           |       |       |     2 |    27 |    22 |    40 |    27 ||   118
         Finesse           |       |       |       |     2 |     7 |     6 |     5 ||    20
    Use: Scroll            |     8 |     1 |    11 |     6 |    11 |    14 |     3 ||    54
         Potion            |     2 |     1 |     1 |     3 |     3 |     8 |       ||    18
 Armour: Leather armour    |    36 |       |       |       |       |       |       ||    36
         Ring mail         |     3 |    20 |    96 |   183 |   337 |   158 |       ||   797
         Quicksilver drago |       |       |       |       |       |   688 |   500 ||  1188
  Dodge: Dodged            |    40 |    11 |    80 |   152 |   533 |  1801 |  1217 ||  3834

Table legend:
 A = Non-vault XP
 B = Vault XP
 C = Vault XP percentage of total XP
 D = Non-vault monster count
 E = Vault monster count
 F = Vault count percentage of total count
                 A         B        C        D         E       F
            +---------+---------+-------+---------+---------+-------
      Total |  329128 |  196663 |  37.4 |     912 |     504 |  35.6
            +---------+---------+-------+---------+---------+-------
        D:1 |      50 |       0 |   0.0 |      28 |       0 |   0.0
        D:2 |      20 |       7 |  25.9 |       4 |       3 |  42.9
        D:3 |     198 |     321 |  61.8 |      15 |       2 |  11.8
        D:4 |     284 |     142 |  33.3 |      25 |       4 |  13.8
        D:5 |     425 |       0 |   0.0 |      18 |       0 |   0.0
        D:6 |     909 |       8 |   0.9 |      15 |       4 |  21.1
        D:7 |    1846 |       0 |   0.0 |      30 |       0 |   0.0
        D:8 |    3545 |    3137 |  46.9 |      24 |       8 |  25.0
        D:9 |    1617 |     910 |  36.0 |      11 |      26 |  70.3
       D:10 |    4051 |   19500 |  82.8 |      34 |      46 |  57.5
       D:11 |    3214 |    1960 |  37.9 |      26 |       7 |  21.2
       D:12 |    6283 |    7878 |  55.6 |      25 |      30 |  54.5
       D:13 |    3984 |       0 |   0.0 |      19 |       0 |   0.0
       D:14 |   14146 |   16037 |  53.1 |      23 |      45 |  66.2
       D:15 |    7169 |    4614 |  39.2 |      12 |      10 |  45.5
     Lair:1 |   11256 |       0 |   0.0 |      35 |       0 |   0.0
     Lair:2 |    4170 |    3444 |  45.2 |      12 |      12 |  50.0
     Lair:3 |   16124 |   16157 |  50.1 |      40 |      43 |  51.8
     Lair:4 |    5553 |    1023 |  15.6 |      15 |       1 |   6.2
     Lair:5 |   11935 |   13861 |  53.7 |      37 |      70 |  65.4
   Shoals:1 |   20968 |       0 |   0.0 |      41 |       0 |   0.0
   Shoals:2 |   22938 |    5532 |  19.4 |      42 |       9 |  17.6
   Shoals:3 |   17214 |    9694 |  36.0 |      35 |      17 |  32.7
   Shoals:4 |   12997 |   16597 |  56.1 |      29 |      31 |  51.7
   Spider:1 |    6469 |    6763 |  51.1 |      18 |      34 |  65.4
   Spider:2 |   23354 |    1393 |   5.6 |      46 |       1 |   2.1
   Spider:3 |   21758 |    2136 |   8.9 |      52 |       1 |   1.9
      Orc:1 |    3621 |     204 |   5.3 |      40 |       3 |   7.0
      Orc:2 |    4393 |    8333 |  65.5 |      28 |      25 |  47.2
   Vaults:1 |   37054 |   11382 |  23.5 |      51 |      16 |  23.9
   Vaults:2 |   23167 |   26319 |  53.2 |      32 |      34 |  51.5
   Vaults:3 |   25967 |   16610 |  39.0 |      35 |      18 |  34.0
   Vaults:4 |   12449 |    2701 |  17.8 |      15 |       4 |  21.1
            +---------+---------+-------+---------+---------+-------
